 Dungeon Crawl Stone Soup version 0.32-a0-876-gcfddb08e57 (webtiles) character file.

Game seed: 3005387656323264172

916054 javelincjr the Conqueror (level 27, -4/228 HPs)
             Began as a Djinni Conjurer on Mar 27, 2024.
             Was the Champion of Qazlal.
             Killed by divine providence
             ... invoked by a royal mummy
              (10 damage)
             ... on level 2 of the Tomb of the Ancients on Apr 1, 2024.
             The game lasted 11:40:07 (88471 turns).

javelincjr the Conqueror (Djinni Conjurer)         Turns: 88471, Time: 11:40:08

Health: -4/228     AC: 21    Str: 12 (13) XL:     27
Gold:   12574      EV: 20    Int: 42      God:    Qazlal [******] SH: 43 Dex: 21

rFire   + + +        V - +0 hand axe of Strategic Superiority {protect, rC+ Dex+3 SInv}
rCold   + + .        X - +4 tower shield of Fedhas's Delight {Int+5}
rNeg    + + +        q - +5 scale mail "Huozed" {Regen+}
rPois   ∞            h - +2 helmet
rElec   +            k - scarf {rC+ rF+}
rCorr   .            H - +2 pair of gloves {Str+3}
SInv    +            (boots unavailable)
Will    +++..        s - amulet of the Sky {Reflect rElec rF- Int+4 SH+5}
Stlth   +            o - ring "Juroub Deit" {rF- rC+ rN++ Int+6}
HPRegen 1.38/turn    Y - ring "Loduguaq" {rF++ rN+ Will+ Str+6 Int-3}
MPRegen 0.00/turn

%: repel missiles, reflection, infuse magic (-5 HP)
@: flying, studying 3 skills
A: sickness immunity, fire resistance 2, cold vulnerability 1, float, innate
caster, HP casting, extra vitality 1, thin skeletal structure 1, deformed body,
sense surroundings 1, weak 1, persistent drain
}: 6/15 runes: decaying, slimy, silver, obsidian, abyssal, gossamer
a: Renounce Religion, Upheaval, Elemental Force, Disaster Area


You were on level 2 of the Tomb of the Ancients.
You worshipped Qazlal.
Qazlal was exalted by your worship.
You visited 16 branches of the dungeon, and saw 73 of its levels.
You visited the Abyss 5 times.
You visited 1 bazaar.
You visited 1 ziggurat, and saw 21 of its levels.
You also visited: Trove, Gauntlet, Ice Cave, Wizlab and Desolation.

You collected 15195 gold pieces.
You spent 2621 gold pieces at shops.

Inventory:

Hand Weapons
 j - the +5 hand axe of Disembowelment {venom, ^Drain Str+5 Int+5 Dex+2}
   (You found it on level 13 of a ziggurat)

   Str+5:     It affects your strength (+5).
   Int+5:     It affects your intelligence (+5).
   Dex+2:     It affects your dexterity (+2).
   ^Drain:    It drains your maximum health when unequipped.
 D - the +10 sling "Imask" {freeze, Str+6 Int+5}
   (You found it on level 9 of a ziggurat)

   Str+6:     It affects your strength (+6).
   Int+5:     It affects your intelligence (+5).
 E - the +13 sceptre of Asmodeus
   (You took it off Asmodeus on level 7 of Gehenna)

   Fire Summon: It may summon demons of flame and damnation when striking foes.
 Q - the +12 demon trident of Dawn {vamp, rElec Int+4 Dex+4}
   (You found it on level 17 of a ziggurat)

   Int+4:     It affects your intelligence (+4).
   Dex+4:     It affects your dexterity (+4).
   rElec:     It insulates you from electricity.
 V - the +0 hand axe of Strategic Superiority (weapon) {protect, rC+ Dex+3 SInv}
   (You bought it in a shop on level 1 of the Elven Halls)

   Dex+3:     It affects your dexterity (+3).
   rC+:       It protects you from cold.
   SInv:      It lets you see invisible.
Missiles
 y - 13 silver javelins
Armour
 h - a +2 helmet (worn)
 k - a scarf of resistance (worn)
 q - the +5 scale mail "Huozed" (worn) {Regen+}
   (You found it on level 12 of a ziggurat)

   Regen+:    It increases your rate of health regeneration.
 H - a +2 pair of gloves of strength (worn)
 K - the +1 pearl dragon scales "Veassyus" {rElec rN+ Dex+2}
   (You found it on level 13 of a ziggurat)

   Dex+2:     It affects your dexterity (+2).
   rElec:     It insulates you from electricity.
   rN+:       It protects you from negative energy.
 X - the +4 tower shield of Fedhas's Delight (worn) {Int+5}
   (You found it in the Desolation of Salt)

   Int+5:     It affects your intelligence (+5).
Jewellery
 g - the ring "Zeur" {Wiz Will+ rCorr Dex+2}
   (You bought it in a shop on level 1 of the Elven Halls)

   [ring of wizardry]

   Wiz:       It improves your spell success rate.
   Dex+2:     It affects your dexterity (+2).
   Will+:     It increases your willpower.
   rCorr:     It protects you from acid and corrosion.
 i - the ring of Gomanu Coamu {Fly rN+ Will- Str-4 Dex+4}
   (You found it on level 16 of a ziggurat)

   [ring of flight]

   Str-4:     It affects your strength (-4).
   Dex+4:     It affects your dexterity (+4).
   rN+:       It protects you from negative energy.
   Will-:     It decreases your willpower.
   Fly:       It grants you flight.
 l - the ring "Ylezxiat" {rC+ Str+3 Int+6}
   (You acquired it on level 1 of the Depths)

   [ring of intelligence]

   Str+3:     It affects your strength (+3).
   Int+6:     It affects your intelligence (+6).
   rC+:       It protects you from cold.
 o - the ring "Juroub Deit" (left hand) {rF- rC+ rN++ Int+6}
   (You found it on level 17 of a ziggurat)

   [ring of protection from cold]

   Int+6:     It affects your intelligence (+6).
   rF-:       It makes you vulnerable to fire.
   rC+:       It protects you from cold.
   rN++:      It greatly protects you from negative energy.
 s - the amulet of the Sky (around neck) {Reflect rElec rF- Int+4 SH+5}
   (You acquired it on level 11 of the Dungeon)

   [amulet of reflection]

   Reflect:   It reflects blocked missile attacks.
   Int+4:     It affects your intelligence (+4).
   rF-:       It makes you vulnerable to fire.
   rElec:     It insulates you from electricity.
   SH+5:      It affects your SH (+5).
 x - the amulet "Haung" {Spirit rF+ rC+ Int+3}
   (You found it on level 20 of a ziggurat)

   [amulet of guardian spirit]

   Spirit:    It causes incoming damage to be divided between your reserves of
   health and magic.
   Int+3:     It affects your intelligence (+3).
   rF+:       It protects you from fire.
   rC+:       It protects you from cold.
 J - the ring of Meurifam {rN+ Will+ rCorr}
   (You took it off an ironbound convoker in the Desolation of Salt)

   [ring of resist corrosion]

   rN+:       It protects you from negative energy.
   Will+:     It increases your willpower.
   rCorr:     It protects you from acid and corrosion.
 M - a ring of fire
 T - the ring "Zenloowa" {Wiz rC+ Str-3 Slay+2 SInv}
   (You took it off a yaktaur captain on level 5 of the Vaults)

   [ring of wizardry]

   Wiz:       It improves your spell success rate.
   Str-3:     It affects your strength (-3).
   Slay+2:    It affects your accuracy & damage with ranged weapons and melee
   (+2).
   rC+:       It protects you from cold.
   SInv:      It lets you see invisible.
 Y - the ring "Loduguaq" (right hand) {rF++ rN+ Will+ Str+6 Int-3}
   (You found it on level 5 of the Lair of Beasts)

   [ring of strength]

   Str+6:     It affects your strength (+6).
   Int-3:     It affects your intelligence (-3).
   rF++:      It greatly protects you from fire.
   rN+:       It protects you from negative energy.
   Will+:     It increases your willpower.
Wands
 e - a wand of flame (50)
 C - a wand of acid (63)
 I - a wand of paralysis (103)
 R - a wand of mindburst (85)
 U - a wand of roots (91)
 Z - a wand of digging (27)
Scrolls
 b - 6 scrolls of silence
 c - 15 scrolls of revelation
 f - 9 scrolls of fog
 v - 24 scrolls of teleportation
 w - 4 scrolls of torment
 A - 9 scrolls of vulnerability
 F - 15 scrolls of poison
 L - 7 scrolls of immolation
 O - 8 scrolls of fear
 W - 2 scrolls of blinking
Potions
 a - 10 potions of cancellation
 d - 8 potions of mutation
 n - 12 potions of resistance
 p - 3 potions of berserk rage
 t - 12 potions of might
 u - 17 potions of lignification
 z - 4 potions of haste
 G - 3 potions of ambrosia
 P - 11 potions of brilliance
 S - 5 potions of invisibility
Miscellaneous
 m - a Gell's gravitambourine (inert)
 r - a phantom mirror
 N - the horn of Geryon


   Skills:
 O Level 27 Fighting
 - Level 15.2 Axes
 - Level 2.7 Staves
 - Level 1.5 Ranged Weapons
 - Level 1.5 Throwing
 + Level 21.1 Armour
 - Level 19.2 Dodging
 - Level 6.0 Stealth
 + Level 26.2 Shields
 O Level 27 Spellcasting
 O Level 27 Conjurations
 O Level 27 Hexes
 O Level 27 Summonings
 O Level 27 Necromancy
 O Level 27 Translocations
 O Level 27 Fire Magic
 O Level 27 Ice Magic
 O Level 27 Air Magic
 O Level 27 Earth Magic
 O Level 27 Alchemy
 - Level 16.4 Invocations
 + Level 20.6 Evocations


You knew the following spells:

 Your Spells              Type           Power      Damage    Failure   Level
a - Magic Dart            Conj           100%       1d8       0%          1
b - Searing Ray           Conj           100%       2d8       0%          2
c - Fulminant Prism       Conj/Alch      68%        3d28      0%          4
d - Iskenderun's Mystic   Conj/Tloc      100%       2d19      (+2d10%     4
e - Foxfire               Conj/Fire      100%       2x1d9     0%          1
f - Mercury Vapours       Alch/Air       100%       N/A       0%          2
g - Momentum Strike       Conj/Tloc      100%       3d10      0%          2
h - Vhi's Electric Charg  Tloc/Air       100%       N/A       0%          4
i - Petrify               Alch/Erth      100%       N/A       0%          4
j - Curse of Agony        Necr           100%       N/A       0%          5
k - Permafrost Eruption   Ice/Erth       68%        2x4d15    0%          6
l - Bombard               Conj/Erth      68%        9d11      0%          6
m - Conjure Ball Lightni  Conj/Air       68%        3x3d25    0%          6
n - Lehudib's Crystal Sp  Conj/Erth      68%        10d15     1%          8
o - Discord               Hex            68%        N/A       1%          8
p - Shatter               Erth           68%        3d50*     1%          9
q - Fire Storm            Conj/Fire      68%        8d17      1%          9
Your spell library was empty.

Dungeon Overview and Level Annotations

Branches:
Dungeon (15/15)            Temple (0/1) D:7            Lair (5/5) D:9
  Swamp (4/4) Lair:3       Spider (4/4) Lair:3        Slime (5/5) Lair:4
    Orc (2/2) D:12            Elf (3/3) Orc:2        Vaults (5/5) D:13
  Crypt (3/3) Vaults:3       Tomb (2/3) Crypt:3      Depths (4/4) D:15
   Hell (visited)             Dis (3/7) Hell            Geh (7/7) Hell
    Coc (0/7) Hell            Tar (5/7) Hell            Zot (5/5) Depths:4
  IceCv (visited)          WizLab (visited)         Desolation (visited)
Gauntlet (visited)

Altars:
Dithmenos
Fedhas
Gozag
Makhleb
Qazlal
Ru
Uskayaw
Xom
Yredelemnul
The Shining One
Jiyva

Shops:
D:5 *(!?[   D:6 :[*   D:14 (   Orc:1 !   Orc:2 *?*[   Elf:1 =(*((   Elf:3 !
Vaults:1 *   Vaults:4 [   Depths:4 !(

Portals:
Hell: Depths:1 Depths:2 Depths:3 Depths:4
Abyss: Geh:1 Depths:3 Depths:4
Pandemonium: Depths:2 Depths:3 Depths:4

Annotations:
D:12 exclusion: 4 oklob plants
Depths:3 Abyss


Innate Abilities, Weirdness & Mutations

You are immune to sickness and miasma.
You are immune to poison.
Your flesh is very heat resistant. (rF++)
You are vulnerable to cold. (rC-)
You float through the air rather than walking.
You learn spells naturally, not from books.
Your magical power is your life essence.
You have superior vitality. (+4 MHP)
You have a somewhat thin skeletal structure. (Dex +2, Stealth+)
Armour fits poorly on your strangely shaped body.
You passively map a small area around you.
You are weak. (Str -2)
Your health recovers twice as slowly from being drained.


Message History

The mummy priest resists with some effort.
The guardian mummy resists with some effort.
The mummy flies into a frenzy!
The shadow flies into a frenzy!
The freezing wraith flies into a frenzy!
* * * LOW HITPOINT WARNING * * *
Your surroundings seem slightly different.
Found a wand of roots (3).
You hear a screech!
Qazlal accepts your kill.
You feel a bit more experienced.
The royal mummy attacks as it pursues you!
You block the royal mummy's attack.
Casting: Discord (mildly dangerous; 1% risk of failure)
Confirm with . or Enter, or press ? or * to list all spells.
You erupt in a blast of force!
The mystic blast hits the mummy!!
You destroy the mummy!
Qazlal accepts your kill.
The mystic blast hits the royal mummy!!
The royal mummy is lightly damaged.
The royal mummy is knocked back by the mystic blast.
* * * LOW HITPOINT WARNING * * *
A skeletal warrior comes into view. It is wielding a +0 war axe.
Qazlal accepts your kill.
You feel a bit more experienced.
Something is engulfed in negative energy!
Qazlal accepts your kill.
You feel a bit more experienced.
The royal mummy points at you and mumbles some strange words.
Something smites you!
* * * LOW HITPOINT WARNING * * *
Aiming: Gell's Gravitas
Press: ? - help, Q - select action, (/) - cycle Dir - move target You rattle the tambourine.
Waves of gravity draw inward.
The royal mummy is pinned by gravity. x2
The skeletal warrior is pinned by gravity.
Qazlal accepts your kill.
You feel a bit more experienced.
The royal mummy gestures at you while chanting.
Something smites you!
You die...

, , , ,, , , , , *
############# ,
............# ,,,
............#
##...##........○..# ,
* ..M......./...##..#,
* ..............##@§#
, ..............○...#
*
....M..##.....○.Z☼#,,
.......##M.M....○.# *
.......M.[M#z.....+, *
.....).....##.....#,,,
.MM.B.......#.....# ,,
v..v..†...........# ,
* ..v.†W.°.M..#..^..#*


You could see 2 royal mummies, a mummy priest, a skeletal warrior (bound) and a
spriggan defender zombie.

Vanquished Creatures
  Asmodeus (Geh:7)
  the Royal Jelly (Slime:5)
  4 pandemonium lords (Zig:16)
  6 dread liches
  10 ancient liches
  5 orbs of fire
  A juggernaut (Depths:4)
  The ghost of Qunuun the Slayer, a legendary DsFi of Qazlal (Zot:3)
  17 royal mummies
  Xtahua (Depths:4)
  Josephina (Depths:3)
  the Lernaean hydra (Swamp:4)
  7 Killer Klowns
  2 shard shrikes
  A curse toe (Zot:4)
  16 caustic shrikes
  5 golden dragons
  Norris (Elf:2)
  7 bone dragons
  6 profane servitors
  A Hellbinder (WizLab)
  Jory (Crypt:3)
  11 Brimstone Fiends
  5 doom hounds
  4 Tzitzimimeh
  2 electric golems
  Jorgrun (Swamp:2)
  4 iron giants (Dis:3)
  3 spectral shard shrikes
  Mlioglotl (Spider:3)
  18 hellephants
  An iron giant (shapeshifter) (Depths:3)
  A shard shrike zombie (Abyss:3)
  14 tentacled monstrosities
  Zenata (Elf:3)
  18 Orb Guardians (Zot:5)
  7 tainted leviathans
  A Hell Sentinel (Zig:9)
  An Ice Fiend (Zig:14)
  7 liches
  2 walking crystal tomes
  2 titans
  13 searing wretches
  6 deep elf blademasters
  7 quicksilver dragons
  2 shard shrike skeletons
  3 deep elf master archers
  2 Executioners (Abyss:3)
  6 sphinxes
  23 acid blobs
  5 death cobs
  11 ancient champions
  Aizul (Swamp:3)
  15 tentacled starspawn
  4 tengu reavers
  11 shadow dragons
  8 storm dragons
  7 revenants
  2 protean progenitors
  19 azure jellies
  21 fire giants
  Roxanne (Swamp:3)
  2 draconian monks
  A nagaraja (Zig:19)
  Donald (Elf:2)
  A fenstrider witch (Swamp:4)
  An iron dragon (shapeshifter) (Depths:3)
  18 rockslimes
  3 draconian knights
  5 draconian scorchers
  9 frost giants
  5 quicksilver elementals
  5 deep elf sorcerers
  5 iron dragons
  A spectral caustic shrike (Tar:4)
  2 emperor scorpions
  4 imperial myrmidons (Desolation)
  2 deep elf elementalists
  A draconian stormcaller (Zot:4)
  A spectral juggernaut (Tar:1)
  30 balrugs
  11 vault wardens
  2 juggernaut zombies
  Louise (Elf:2)
  4 draconian shifters
  17 ironbound preservers
  4 broodmothers
  10 ghost moths
  A ghoul (Crypt:1)
  A draconian annihilator (Zot:2)
  11 very ugly things
  3 curse skulls
  A caustic shrike skeleton (Zig:21)
  The ghost of prad the Spry, an adept SpCj of Vehumet (Spider:3)
  10 stone giants
  6 reapers
  A broodmother (shapeshifter) (Depths:3)
  A cacodemon (WizLab)
  A starflower (Abyss:3)
  Nessos (Lair:5)
  7 ironbound thunderhulks
  18 quicksilver oozes
  A demonspawn blood saint (Zig:19)
  2 orc warlords
  5 formless jellyfish
  9 green draconians
  5 spark wasps
  13 deep elf annihilators
  14 putrid mouths
  7 deep elf demonologists
  4 eleionomae
  3 lorocyprocas
  5 white draconians
  2 spectral hellephants (Crypt:1)
  9 deep elf death magi
  A minotaur (Gauntlet)
  12 dire elephants
  A halazid warlock (Desolation)
  16 vampire knights
  5 bennus
  4 red draconians
  A wendigo (Zig:14)
  4 yellow draconians
  A spectral titan (Tar:1)
  6 black draconians
  10 purple draconians
  6 bunyips
  25 starcursed masses
  13 war gargoyles
  3 blizzard demons
  9 eidola
  7 ettins
  2 crystal guardians
  2 green deaths
  4 iron golems
  7 yaktaur captains
  16 jiangshi
  10 mummy priests
  3 entropy weavers
  3 fire dragons
  4 spectral spriggans
  12 ragged hierophants (Desolation)
  10 deep elf high priests
  An entropy weaver (shapeshifter) (D:15)
  A quicksilver dragon skeleton (Crypt:1)
  10 salamander tyrants
  11 servants of whispers (Desolation)
  Erolcha (D:9)
  10 great orbs of eyes
  Fannar (Lair:3)
  25 hydras
  3 ice dragons
  2 caustic shrike simulacra
  A fenstrider witch zombie (Crypt:3)
  An ice dragon (shapeshifter) (Depths:3)
  A spectral shadow dragon (Crypt:1)
  6 rakshasas
  10 peacekeepers
  A ghost crab (Spider:3)
  8 vault guards (Vaults:5)
  12 ogre magi
  3 juggernaut simulacra
  4 spriggan skeletons
  14 centaur warriors
  6 radroaches
  8 alligators
  2 catoblepae
  9 ironbound frosthearts
  7 boulder beetles
  A spriggan air mage (Swamp:3)
  An anaconda (shapeshifter) (Depths:3)
  2 jorogumos
  A spectral stone giant (Tar:3)
  3 hell beasts
  6 stokers
  A death knight (D:14)
  A merfolk aquamancer (Zig:19)
  30 two-headed ogres
  A boulder beetle (shapeshifter) (Depths:3)
  5 death yaks
  11 demonic crawlers
  A deep troll shaman (Depths:4)
  26 hell hogs
  46 dancing weapons
  A tengu warrior (Depths:1)
  28 death scarabs
  A death yak (shapeshifter) (Depths:3)
  15 vampire magi
  A deep troll earth mage (Depths:3)
  6 occultists
  An Orb Guardian skeleton (Crypt:1)
  An azure jelly zombie (Crypt:2)
  8 thrashing horrors
  Urug (D:12)
  Sonja (D:10)
  An alligator (shapeshifter) (Depths:3)
  A titan zombie (Zig:20)
  A spectral dire elephant (Tar:3)
  2 spectral elves (Crypt:1)
  6 hell knights
  An iron troll (Zig:8)
  7 crystal echidnas (Dis:3)
  8 sun demons
  2 storm dragon zombies (Crypt:3)
  11 wretched stars
  3 titan skeletons
  10 soul eaters
  2 sixfirhies (WizLab)
  2 skysharks (Elf:2)
  22 deep elf knights
  4 shadow wraiths
  9 pharaoh ants
  39 skeletal warriors
  2 salamander mystics
  4 golden dragon zombies
  4 goliath frogs
  11 orb spiders
  A death drake (Swamp:4)
  41 deep trolls
  3 spectral anacondas
  2 shadow dragon zombies
  4 arcanists
  4 bog bodies
  3 sun moths
  10 swamp dragons
  5 glowing orange brains
  A spark wasp zombie (Depths:1)
  An obsidian statue (Zig:7)
  2 orange crystal statues
  14 ironbound convokers
  4 flayed ghosts
  8 spriggan druids
  A deep troll (shapeshifter) (Vaults:4)
  A bunyip skeleton (Abyss:3)
  3 anaconda skeletons
  5 tengu zombies
  Pikel (D:8)
  11 deep elf archers
  4 orc knights
  16 phantasmal warriors
  A wolf spider zombie (D:15)
  2 thermic dynamos
  8 steelbarb worms
  An obsidian bat (Orc:2)
  27 deep elf zephyrmancers
  32 deep elf pyromancers
  7 harpies (Vaults:1)
  21 wolf spiders
  12 lindwurms
  5 necromancers
  2 spectral ettins
  An orc sorcerer (Orc:1)
  4 lightning spires (Zig:17)
  46 ugly things
  A shining eye (shapeshifter) (Vaults:5)
  3 will-o-the-wisps
  A manticore (shapeshifter) (Depths:2)
  11 shining eyes
  2 fire giant zombies (Depths:1)
  2 oklob plants
  4 worldbinders
  4 stone giant zombies
  21 moths of wrath
  Maurice (D:9)
  2 spectral alligator snapping turtles
  A tengu skeleton (Zig:21)
  9 cyclopes
  31 elephants
  An eleionoma zombie (Crypt:1)
  2 frost giant zombies
  5 manticores
  2 apocalypse crabs
  7 meliai
  A frost giant skeleton (Vaults:4)
  10 smoke demons
  6 eyes of devastation
  3 kobold blastminers (Orc:2)
  4 salamanders (D:15)
  A naga mage (Zig:19)
  A stone giant skeleton (Crypt:1)
  3 black mambas
  A water nymph (shapeshifter) (Depths:3)
  4 guardian serpents (Desolation)
  A dire elephant zombie (Crypt:1)
  2 centaur zombies
  4 ice statues
  2 orange demons
  A water nymph (Zot:4)
  17 vault sentinels
  A storm dragon simulacrum (Depths:3)
  A black mamba (shapeshifter) (D:15)
  2 molten gargoyles (Geh:7)
  8 rust devils
  A titan simulacrum (Depths:3)
  19 large abominations
  A purple draconian zombie (Crypt:3)
  3 centaur skeletons (D:15)
  3 gargoyles
  A naga skeleton (Crypt:1)
  9 cane toads
  2 minotaur zombies (Gauntlet)
  A cane toad (shapeshifter) (Elf:2)
  A torpor snail (shapeshifter) (Vaults:5)
  2 unseen horrors
  21 hellions
  10 torpor snails
  A sea snake zombie (Hell)
  2 dire elephant skeletons
  4 kobold demonologists
  9 tormentors
  An unseen horror zombie (Crypt:1)
  6 efreet
  A green draconian skeleton (Crypt:1)
  11 komodo dragons
  18 yaktaurs
  Jeremiah (D:9)
  4 ice devils (Geh:2)
  18 rime drakes
  2 spectral nagas
  A black draconian zombie (Crypt:2)
  A minotaur skeleton (Crypt:1)
  A spark wasp simulacrum (Depths:3)
  8 tengu conjurers
  An anaconda simulacrum (Hell)
  5 freezing wraiths
  An unseen horror skeleton (Crypt:3)
  2 spectral harpies (Tar:1)
  A yellow draconian skeleton (Crypt:2)
  2 ancient zymes
  A sea snake skeleton (Hell)
  12 guardian mummies
  A silent spectre (Tar:2)
  A queen bee (shapeshifter) (Elf:2)
  2 red devils
  A hydra zombie (Hell)
  2 queen bees
  6 hellwings
  20 polar bears
  4 bloated husks
  6 trolls
  A wind drake (shapeshifter) (Depths:3)
  An alligator simulacrum (Hell)
  A tengu simulacrum (Depths:3)
  16 tyrant leeches
  10 hornets
  33 blink frogs
  A glass eye (Slime:3)
  Prince Ribbit (D:7)
  A death drake skeleton (Crypt:1)
  4 harpy skeletons
  81 saltlings
  4 ettin zombies
  33 tarantellas
  16 raiju
  2 dream sheep (Lair:5)
  5 spriggan zombies
  99 slime creatures
  A shadow (D:7)
  17 vampires
  34 jumping spiders
  23 culicivoras
  3 centaur simulacra
  10 water elementals
  17 small abominations
  3 ynoxinuls
  21 spriggans
  Sigmund (D:2)
  5 air elementals
  2 wyverns
  7 fire elementals
  2 basilisks
  A spriggan (shapeshifter) (Zig:2)
  3 wargs
  4 ushabtiu
  7 wraiths
  Eustachio (D:5)
  12 golden eyes
  47 yaks
  An elf zombie (Vaults:4)
  41 redbacks
  3 steam dragons
  15 vampire mosquitoes
  Grum (D:9)
  2 chaos spawn (Abyss:3)
  5 neqoxecs
  A swamp worm (shapeshifter) (Depths:3)
  A harpy simulacrum (Hell)
  An acid dragon (D:10)
  A human simulacrum (Vaults:4)
  3 glowing shapeshifter zombies
  2 human zombies (Depths:1)
  Duvessa (D:6)
  16 swamp worms
  12 water moccasins
  A fire bat zombie (Crypt:1)
  4 hell hounds
  A hydra simulacrum (Hell)
  A fire bat skeleton (Crypt:3)
  7 swamp drakes
  17 orc warriors
  2 ice beasts
  5 black bears
  30 laughing skulls
  22 ogres
  27 wolves
  A hog zombie (Crypt:2)
  14 boggarts
  13 centaurs
  A lindwurm skeleton (Crypt:3)
  2 phantoms
  2 lemures (D:8)
  Blork the orc (D:4)
  4 brain worms
  A komodo dragon zombie (Crypt:3)
  5 weeping skulls
  4 kobold brigands
  14 bullfrogs
  A yaktaur skeleton (Crypt:2)
  7 scorpions
  A cyclops zombie (Crypt:1)
  2 earth elementals
  A gnoll sergeant (D:11)
  11 wights
  A shapeshifter zombie (Crypt:2)
  Dowan (D:6)
  A polar bear zombie (Crypt:3)
  60 killer bees
  A polar bear skeleton (Crypt:1)
  9 electric eels
  6 howler monkeys
  A bombardier beetle (D:5)
  A crimson imp (Zig:21)
  2 quasits (Abyss:1)
  9 orc priests
  3 hounds
  4 jellies
  2 gnoll boudas
  6 iron imps
  Crazy Yiuf (D:2)
  2 hell rats (Lair:3)
  A scorpion zombie (Crypt:2)
  Ijyb (D:5)
  5 iguanas
  Natasha (thrice) (D:4)
  16 orc wizards
  A killer bee zombie (Crypt:2)
  An ogre zombie (Crypt:1)
  20 mummies
  A howler monkey zombie (Crypt:3)
  13 gnolls
  5 adders
  A shadow imp (D:7)
  4 white imps (Abyss:3)
  7 ufetubi
  2 dart slugs (D:1)
  9 ribbon worms
  60 orcs
  5 bats
  9 endoplasms
  3 giant cockroaches
  11 goblins
  4 hobgoblins
  3 jackals (D:4)
  12 kobolds
  3 quokkas
  5 ball pythons
  3 frilled lizards (D:2)
  A hobgoblin skeleton (Crypt:3)
  A kobold skeleton (Crypt:3)
  6 rats
  2 aspiring fleshes (Zot:4)
  A ball lightning (Elf:1)
  9 creeping infernos
  18 fire vortices
  75 foxfires
  A lurking horror (Abyss:3)
  3 starspawn tentacles
3363 creatures vanquished.

Vanquished Creatures (collateral kills)
  An ancient lich (Zig:19)
  19 royal mummies
  3 Killer Klowns
  2 pandemonium lords (Zig:16)
  4 golden dragons
  Geryon (Hell)
  A bone dragon (Tar:4)
  An iron giant (Zig:9)
  A hellephant (Zig:15)
  2 Brimstone Fiends
  The ghost of Epirepp the Wrestler, an adept DrSh of Wu Jian (Vaults:2)
  4 tentacled monstrosities
  A lich (Depths:3)
  5 Orb Guardians (Zot:5)
  2 Ice Fiends (Zig:14)
  A deep elf blademaster (Zig:5)
  A titan (Depths:4)
  4 sphinxes (Tomb:1)
  3 deep elf master archers (Zig:13)
  A death cob (Zot:4)
  An ancient champion (Zig:7)
  3 tengu reavers
  2 storm dragons
  A thorn hunter (Zig:11)
  7 draconian knights
  A draconian shifter (Depths:4)
  3 fenstrider witches (Zig:11)
  2 azure jellies (Zig:18)
  A nagaraja (Zig:19)
  An azure jelly (shapeshifter) (Zig:16)
  3 narguns (Zig:14)
  3 rockslimes (Zig:18)
  2 deep elf sorcerers (Zig:19)
  An iron dragon (Hell)
  5 frost giants
  4 draconian monks (Zig:17)
  3 vault wardens
  A draconian stormcaller (Zig:17)
  An orc warlord (Zig:10)
  A reaper (Hell)
  A deep elf elementalist (Depths:3)
  3 quicksilver oozes (Zig:18)
  8 draconian scorchers
  A juggernaut skeleton (Zig:21)
  4 draconian annihilators
  2 vampire knights
  2 demonspawn blood saints (Zig:19)
  An ironbound thunderhulk (Vaults:4)
  3 very ugly things (Depths:2)
  A caustic shrike skeleton (Zig:20)
  5 ironbound preservers
  A deep elf death mage (Vaults:5)
  A stone giant (Zig:8)
  A stone giant (shapeshifter) (Zig:16)
  5 green draconians
  A putrid mouth (Hell)
  6 black draconians
  A red draconian (Zig:17)
  7 white draconians
  3 bennus
  A deep elf demonologist (Vaults:5)
  4 dire elephants
  2 deep elf annihilators
  A war gargoyle (Hell)
  2 bunyips (Zig:11)
  4 wendigos (Zig:14)
  5 purple draconians
  3 yellow draconians
  2 ettins (Vaults:2)
  A crystal guardian (Vaults:3)
  9 mummy priests
  A deep elf high priest (Zig:13)
  4 blizzard demons
  3 great orbs of eyes (Zig:18)
  5 salamander tyrants
  A hydra (Zig:11)
  A sphinx zombie (Zig:21)
  A peacekeeper (Vaults:4)
  A ghost crab (Zig:11)
  20 vault guards
  An alligator (Zig:11)
  2 ogre magi
  A boulder beetle (Zig:6)
  A satyr (shapeshifter) (Zig:16)
  5 dancing weapons
  3 death scarabs
  A deep troll shaman (Depths:4)
  12 hell hogs
  A deep troll earth mage (Depths:4)
  4 vampire magi
  A thrashing horror (Abyss:3)
  An orc high priest (Zig:8)
  A titan zombie (Zig:21)
  2 deep elf knights
  2 soul eaters (Hell)
  A crystal echidna (Zig:9)
  6 hell knights
  2 titan skeletons (Zig:21)
  A skeletal warrior (Crypt:2)
  2 iron trolls
  A pharaoh ant (Zig:6)
  A deep troll (shapeshifter) (Vaults:5)
  An iron troll (shapeshifter) (Zig:16)
  4 deep trolls
  A glowing orange brain (shapeshifter) (Vaults:5)
  A bunyip zombie (Hell)
  2 swamp dragons (Zig:11)
  An obsidian bat (Zig:8)
  4 arcanists
  3 deep elf archers
  A phantasmal warrior (Vaults:5)
  6 necromancers
  3 deep elf pyromancers
  3 deep elf zephyrmancers
  6 ugly things
  A draconian zombie (Crypt:2)
  2 tengu skeletons
  2 orc sorcerers
  4 orc knights
  2 shining eyes (Zig:18)
  2 will-o-the-wisps (Zig:12)
  4 vault sentinels
  An elephant (Zig:15)
  6 moths of wrath
  2 kobold blastminers
  A naga mage (Zig:19)
  An apocalypse crab (Zig:16)
  5 molten gargoyles (Geh:7)
  7 rust devils (Hell)
  A storm dragon simulacrum (Zig:21)
  A black mamba (Zig:15)
  3 eyes of devastation (shapeshifter) (Zig:16)
  2 eyes of devastation (Zig:18)
  3 cane toads
  2 torpor snails
  2 dire elephant skeletons
  2 hellions
  10 yaktaurs
  14 guardian mummies
  A tormentor (Zig:9)
  2 freezing wraiths (Hell)
  A red devil (Hell)
  A glass eye (shapeshifter) (Zig:16)
  A shadow dragon simulacrum (Zig:14)
  A dream sheep (shapeshifter) (Zig:16)
  A glass eye (Zig:18)
  2 dream sheep (Zig:15)
  A harpy skeleton (Hell)
  15 slime creatures
  An ettin skeleton (Hell)
  A water elemental (Zig:13)
  2 yaks (Zig:15)
  A basilisk (Zig:15)
  3 vampires (Crypt:3)
  7 ushabtiu
  2 wargs
  A redback (Zig:6)
  A glowing shapeshifter zombie (Zig:21)
  A chaos spawn (Zig:16)
  A swamp worm (shapeshifter) (Zig:16)
  A water moccasin (Zig:15)
  A hell hound (Hell)
  A glowing shapeshifter skeleton (Zig:20)
  16 orc warriors
  4 ogres
  A wolf (Zig:15)
  A human zombie (Vaults:4)
  A glowing shapeshifter simulacrum (Zig:14)
  A crimson imp (Zig:21)
  2 jellies (Lair:4)
  4 orc wizards
  31 mummies
  2 orcs (Vaults:5)
  4 endoplasms (Lair:4)
  2 aspiring fleshes (Zig:16)
  2 ball lightnings
  3 creeping infernos
  16 fire vortices
  14 foxfires
  2 fulminant prisms (Tomb:1)
556 creatures vanquished.

Vanquished Creatures (others)
  3 royal mummies
  2 caustic shrikes (Zig:9)
  A walking frostbound tome (Depths:2)
  A quicksilver dragon (Zot:2)
  A searing wretch (Geh:7)
  A sphinx (shapeshifter) (Zig:16)
  A protean progenitor (Zig:16)
  3 azure jellies
  A storm dragon (Zot:5)
  A frost giant (Depths:4)
  A nargun (Zig:14)
  4 draconian knights
  A balrug (Geh:4)
  A vault warden (Vaults:5)
  A deep elf sorcerer (Zig:19)
  3 draconian scorchers
  An orc warlord (Zig:10)
  4 draconian stormcallers
  3 draconian annihilators
  A reaper (Tar:4)
  A formless jellyfish (Zig:18)
  A demonspawn blood saint (Zig:19)
  2 ironbound preservers
  A deep elf annihilator (Zig:19)
  3 black draconians
  2 wendigos (Zig:14)
  4 red draconians
  4 green draconians
  A war gargoyle (Hell)
  4 yellow draconians
  2 purple draconians
  A white draconian (Zot:1)
  2 ettins
  4 mummy priests
  A deep elf high priest (Vaults:5)
  An entropy weaver (Zig:6)
  7 salamander tyrants
  2 vault guards (Vaults:5)
  An ironbound frostheart (Vaults:4)
  2 spriggan air magi (Zig:19)
  A catoblepas (shapeshifter) (Depths:3)
  A deep troll earth mage (Depths:3)
  2 hell knights
  6 hell hogs
  2 orc high priests
  A sun demon (Hell)
  2 skysharks (Zig:15)
  3 deep trolls
  2 necromancers
  A deep elf pyromancer (Elf:1)
  A phantasmal warrior (Vaults:5)
  3 orc sorcerers (Zig:10)
  An elephant (Zig:15)
  2 moths of wrath
  A rust devil (Hell)
  2 vault sentinels
  A naga mage (Zig:19)
  A molten gargoyle (Geh:7)
  A hellion (Zig:14)
  A cane toad (Zig:15)
  A tormentor (Zig:9)
  A komodo dragon (Zig:15)
  A yaktaur (Vaults:4)
  8 guardian mummies
  A troll (Zig:8)
  A blink frog (Zig:15)
  A water moccasin (Zig:15)
  A hell hound (Hell)
  4 orc warriors
  2 ogres (Zig:10)
  An orc wizard (Zig:8)
  12 mummies
  A white imp (Abyss:3)
  145 ball lightnings
  A creeping inferno (Geh:1)
  46 fire vortices
  2399 foxfires
  100 fulminant prisms
  8 starspawn tentacles (Abyss:3)
2850 creatures vanquished.

Grand Total: 6769 creatures vanquished

Notes
Turn   | Place    | Note
-------+----------+-------------------------------------------
     0 | D:1      | javelincjr the Djinni Conjurer began the quest for the Orb.
     0 | D:1      | javelincjr set off with the following spells memorised:
                  | Magic Dart, Searing Ray, Fulminant Prism, Iskenderun's
                  | Mystic Blast.
     0 | D:1      | Reached XP level 1. HP: 15/15 MP: 0/0
   101 | D:1      | Reached XP level 2. HP: 20/22 MP: 0/0
   335 | D:1      | Reached skill level 1 in Fighting
   429 | D:1      | Reached XP level 3. HP: 24/27 MP: 0/0
   429 | D:1      | Learned a level 1 spell: Foxfire
  1091 | D:2      | Reached XP level 4. HP: 21/33 MP: 0/0
  1100 | D:2      | Noticed Sigmund
  1102 | D:2      | Identified the +2 hand axe "Folerch" {protect, Fly Str+3}
  1121 | D:2      | Killed Sigmund
  1122 | D:2      | Reached XP level 5. HP: 13/40 MP: 0/0
  1122 | D:2      | Learned a level 2 spell: Mercury Vapours
  1122 | D:2      | Reached XP level 6. HP: 14/45 MP: 0/0
  1417 | D:2      | Found a runed translucent door.
  1418 | D:2      | Noticed Crazy Yiuf
  1424 | D:2      | Killed Crazy Yiuf
  1617 | D:3      | Noticed an air elemental
  2231 | D:3      | Found a stormy altar of Qazlal.
  2234 | D:3      | Noticed a water elemental
  2234 | D:3      | Noticed a fire elemental
  2240 | D:3      | Became a worshipper of Qazlal Stormbringer
  2476 | D:4      | Reached XP level 7. HP: 44/51 MP: 0/0
  2476 | D:4      | Learned a level 2 spell: Momentum Strike
  2612 | D:4      | Noticed Natasha
  2618 | D:4      | Killed Natasha
  2686 | D:4      | Reached skill level 5 in Spellcasting
  2686 | D:4      | Reached skill level 5 in Conjurations
  2686 | D:4      | Reached skill level 5 in Hexes
  2686 | D:4      | Reached skill level 5 in Summonings
  2686 | D:4      | Reached skill level 5 in Necromancy
  2686 | D:4      | Reached skill level 5 in Translocations
  2686 | D:4      | Reached skill level 5 in Fire Magic
  2686 | D:4      | Reached skill level 5 in Ice Magic
  2686 | D:4      | Reached skill level 5 in Air Magic
  2686 | D:4      | Reached skill level 5 in Earth Magic
  2686 | D:4      | Reached skill level 5 in Alchemy
  2729 | D:4      | Found a sacrificial altar of Ru.
  2811 | D:4      | Reached XP level 8. HP: 19/58 MP: 0/0
  3195 | D:4      | Noticed Natasha
  3199 | D:4      | Killed Natasha
  3243 | D:4      | Noticed Natasha
  3247 | D:4      | Killed Natasha
  3314 | D:4      | Noticed Blork the orc
  3320 | D:4      | Killed Blork the orc
  3930 | D:5      | Entered Level 5 of the Dungeon
  3933 | D:5      | Reached * piety under Qazlal
  3944 | D:5      | Reached skill level 5 in Fighting
  3968 | D:5      | Found Bibof's Armour Shoppe.
  4026 | D:5      | Found Lesuehoat's Magic Scroll Emporium.
  4093 | D:5      | Noticed Eustachio
  4093 | D:5      | Noticed Ijyb
  4103 | D:5      | Killed Eustachio
  4106 | D:5      | Killed Ijyb
  4290 | D:5      | Found Vunavomo's Distillery.
  4296 | D:5      | Found Pappiuvi's Weapon Emporium.
  4380 | D:5      | Found Tec Zom's Assorted Antiques.
  4387 | D:5      | Reached XP level 9. HP: 61/66 MP: 0/0
  4387 | D:5      | Learned a level 4 spell: Vhi's Electric Charge
  4471 | D:5      | Reached skill level 5 in Dodging
  4720 | D:5      | Found a shadowy altar of Dithmenos.
  4721 | D:5      | Found a burning altar of Makhleb.
  4855 | D:5      | Found a glowing golden altar of the Shining One.
  4938 | D:5      | Bought the +3 robe of Clouds {*Thunder rCloud rElec} for
                  | 415 gold pieces
  4938 | D:5      | Found the +3 robe of Clouds {*Thunder rCloud rElec}
  4968 | D:6      | Found an opulent altar of Gozag.
  4968 | D:6      | Found Gozag's Platinum Reserve.
  5210 | D:6      | Noticed Dowan
  5225 | D:6      | Reached ** piety under Qazlal
  5226 | D:6      | Noticed Duvessa
  5228 | D:6      | Killed Dowan
  5237 | D:6      | Killed Duvessa
  5513 | D:6      | Found Oxighie's Armour Shop.
  5516 | D:6      | Found Cubri's Book Emporium.
  5816 | D:7      | Found a staircase to the Ecumenical Temple.
  5866 | D:7      | Reached XP level 10. HP: 38/75 MP: 0/0
  6048 | D:7      | Reached skill level 5 in Stealth
  6295 | D:7      | Noticed Prince Ribbit
  6298 | D:7      | Killed Prince Ribbit
  6841 | D:8      | Reached *** piety under Qazlal
  6942 | D:8      | Found a blossoming altar of Fedhas.
  6973 | D:8      | Noticed Pikel
  6977 | D:8      | Killed Pikel
  7542 | D:8      | Reached XP level 11. HP: 61/84 MP: 0/0
  7542 | D:8      | Learned a level 4 spell: Petrify
  7911 | D:9      | Noticed Erolcha
  7915 | D:9      | Killed Erolcha
  7958 | D:9      | Noticed Grum
  7964 | D:9      | Killed Grum
  7974 | D:9      | Noticed Maurice
  7985 | D:9      | Killed Maurice
  7986 | D:9      | Reached skill level 1 in Armour
  7986 | D:9      | Reached skill level 1 in Invocations
  8217 | D:9      | Reached skill level 10 in Fighting
  8376 | D:9      | Reached **** piety under Qazlal
  8537 | D:9      | Noticed Jeremiah
  8548 | D:9      | Killed Jeremiah
  8878 | D:9      | Found a staircase to the Lair.
  9095 | Lair:1   | Entered Level 1 of the Lair of Beasts
  9104 | Lair:1   | Noticed a boulder beetle
  9851 | Lair:1   | Killed a boulder beetle
  9852 | Lair:1   | Reached XP level 12. HP: 61/93 MP: 0/0
 11194 | Lair:2   | Noticed a six-headed hydra
 11210 | Lair:2   | Killed a six-headed hydra
 11859 | Lair:2   | Noticed a five-headed hydra
 11867 | Lair:2   | Killed a five-headed hydra
 11868 | Lair:2   | Reached XP level 13. HP: 92/100 MP: 0/0
 11868 | Lair:2   | Learned a level 5 spell: Curse of Agony
 12431 | Lair:3   | Reached skill level 5 in Armour
 12431 | Lair:3   | Reached skill level 5 in Invocations
 12432 | Lair:3   | Noticed a five-headed hydra
 12729 | Lair:2   | Killed a five-headed hydra
 12876 | Lair:3   | Noticed Fannar
 12886 | Lair:3   | Reached skill level 10 in Spellcasting
 12886 | Lair:3   | Reached skill level 10 in Conjurations
 12886 | Lair:3   | Reached skill level 10 in Hexes
 12886 | Lair:3   | Reached skill level 10 in Summonings
 12886 | Lair:3   | Reached skill level 10 in Necromancy
 12886 | Lair:3   | Reached skill level 10 in Translocations
 12886 | Lair:3   | Reached skill level 10 in Fire Magic
 12886 | Lair:3   | Reached skill level 10 in Ice Magic
 12886 | Lair:3   | Reached skill level 10 in Air Magic
 12886 | Lair:3   | Reached skill level 10 in Earth Magic
 12886 | Lair:3   | Reached skill level 10 in Alchemy
 12899 | Lair:3   | Killed Fannar
 13100 | Lair:3   | Reached ***** piety under Qazlal
 13708 | Lair:3   | Reached skill level 10 in Dodging
 13739 | Lair:3   | Noticed a seven-headed hydra
 13748 | Lair:3   | Killed a seven-headed hydra
 13860 | Lair:3   | Noticed a five-headed hydra
 14086 | Lair:3   | Killed a five-headed hydra
 14406 | Lair:3   | Reached XP level 14. HP: 85/110 MP: 0/0
 14639 | Lair:3   | Noticed a dire elephant
 14659 | Lair:3   | Killed a dire elephant
 15014 | Lair:3   | Found a hole to the Spider Nest.
 15399 | Lair:3   | Found a staircase to the Swamp.
 15462 | Lair:4   | Found a viscous altar of Jiyva.
 15462 | Lair:4   | Found a staircase to the Slime Pits.
 16389 | Lair:5   | Entered Level 5 of the Lair of Beasts
 16941 | Lair:5   | Noticed Nessos
 16961 | Lair:5   | Killed Nessos
 17636 | Lair:5   | Reached XP level 15. HP: 69/117 MP: 0/0
 17636 | Lair:5   | Learned a level 6 spell: Permafrost Eruption
 18226 | Lair:5   | Identified the ring "Loduguaq" {rF++ rN+ Will+ Str+6 Int-3}
 19047 | D:10     | Entered Level 10 of the Dungeon
 19611 | D:10     | Found a hide-covered altar of Uskayaw.
 19644 | D:10     | Noticed Sonja
 19647 | D:10     | Killed Sonja
 20448 | D:12     | Reached ****** piety under Qazlal
 20465 | D:11     | Identified 2 scrolls of acquirement
 20465 | D:11     | Acquired the +0 kite shield of the Equinox {*Corrode Will+
                  | Regen+ Dex+2}
 20525 | D:11     | Acquired the amulet of the Sky {Reflect rElec rF- Int+4
                  | SH+5}
 20555 | D:11     | Reached skill level 15 in Fighting
 20594 | D:12     | Noticed Urug
 20604 | D:12     | Killed Urug
 20605 | D:12     | Reached skill level 1 in Axes
 20638 | D:12     | Reached skill level 1 in Shields
 20923 | D:12     | Noticed a sphinx
 20992 | D:12     | Killed a sphinx
 20993 | D:12     | Reached XP level 16. HP: 95/126 MP: 0/0
 21138 | D:12     | Found a staircase to the Orcish Mines.
 21551 | Orc:1    | Entered Level 1 of the Orcish Mines
 21655 | Orc:2    | Entered Level 2 of the Orcish Mines
 22172 | Orc:2    | Found a staircase to the Elven Halls.
 22284 | Orc:2    | Found Nidigar's Magic Scroll Shoppe.
 22305 | Orc:2    | Found Ehunuale's Assorted Antiques.
 22305 | Orc:2    | Found Nomaf's General Store.
 22305 | Orc:2    | Found Ucvy's Antique Armour Boutique.
 22312 | Orc:2    | Bought a red potion for 26 gold pieces
 22315 | Orc:2    | Bought a scroll of teleportation for 39 gold pieces
 22315 | Orc:2    | Bought a scroll of teleportation for 39 gold pieces
 22315 | Orc:2    | Bought a scroll of blinking for 97 gold pieces
 22621 | Swamp:1  | Entered Level 1 of the Swamp
 22895 | Swamp:1  | Identified the -1 pair of gloves of Rationality {rN+ MP-9
                  | Str+4 Dex+8}
 23064 | Swamp:2  | Reached skill level 5 in Axes
 23155 | Swamp:2  | Noticed Jorgrun
 23160 | Swamp:2  | Killed Jorgrun
 23337 | Swamp:2  | Acquired a manual of Axes
 23608 | Swamp:3  | Reached XP level 17. HP: 85/133 MP: 0/0
 23608 | Swamp:3  | Learned a level 6 spell: Bombard
 23735 | Swamp:3  | Identified the serpent talisman of the Bruised Orbs {rF+
                  | Dex+3}
 23735 | Swamp:3  | Noticed Aizul
 23743 | Swamp:3  | Killed Aizul
 23748 | Swamp:3  | Reached skill level 10 in Armour
 23748 | Swamp:3  | Reached skill level 10 in Invocations
 23826 | Swamp:3  | Found a glacial archway.
 23915 | IceCv    | Entered an ice cave
 23988 | IceCv    | Reached skill level 5 in Shields
 24896 | IceCv    | Noticed a shard shrike
 24904 | IceCv    | Killed a shard shrike
 25302 | Swamp:3  | Noticed Roxanne
 25311 | Swamp:3  | Killed Roxanne
 25415 | Swamp:3  | Gained mutation: You are strong-willed. (Will+) [potion of
                  | mutation]
 25415 | Swamp:3  | Gained mutation: You have a pair of small horns on your
                  | head. [potion of mutation]
 25416 | Swamp:3  | Lost mutation: You have a pair of small horns on your head.
                  | [potion of mutation]
 25416 | Swamp:3  | Lost mutation: You are strong-willed. (Will+) [potion of
                  | mutation]
 25416 | Swamp:3  | Gained mutation: You have a somewhat thin skeletal
                  | structure. (Dex +2, Stealth+) [potion of mutation]
 25416 | Swamp:3  | Gained mutation: You are partially covered in iridescent
                  | scales. (AC +2) [potion of mutation]
 25416 | Swamp:3  | Lost mutation: You are partially covered in iridescent
                  | scales. (AC +2) [potion of mutation]
 25416 | Swamp:3  | Gained mutation: You are partially covered in iridescent
                  | scales. (AC +2) [potion of mutation]
 25524 | Swamp:4  | Entered Level 4 of the Swamp
 25635 | Swamp:4  | Found the +5 Storm Queen's Shield {shock, Fly rElec}
 25723 | Swamp:4  | Reached XP level 18. HP: 121/141 MP: 0/0
 25849 | Swamp:4  | Noticed the 27-headed Lernaean hydra
 25853 | Swamp:4  | Killed the 27-headed Lernaean hydra
 26047 | Swamp:4  | Got a decaying rune of Zot
 26477 | Spider:1 | Entered Level 1 of the Spider Nest
 28086 | Spider:2 | Identified the +0 leather armour of the World {Regen+}
 28388 | Spider:3 | Noticed Mlioglotl
 28448 | Spider:3 | Reached XP level 19. HP: 120/148 MP: 0/0
 28448 | Spider:3 | Learned a level 6 spell: Conjure Ball Lightning
 28651 | Spider:3 | Found a runed translucent gate.
 28652 | Spider:3 | Found a runed translucent gate.
 28653 | Spider:3 | Found a runed translucent gate.
 28655 | Spider:3 | Noticed prad's ghost (adept SpCj)
 28669 | Spider:3 | Killed Mlioglotl
 29964 | Spider:3 | Killed prad's ghost
 30067 | Spider:4 | Entered Level 4 of the Spider Nest
 31036 | Spider:4 | Got a gossamer rune of Zot
 31498 | Slime:1  | Entered Level 1 of the Pits of Slime
 31507 | Slime:1  | Gained mutation: You occasionally lose the ability to drink
                  | potions when taking damage. [a shining eye]
 31509 | Slime:1  | Reached XP level 20. HP: 84/157 MP: 0/0
 31513 | Slime:1  | Gained mutation: You are clumsy. (Dex -2) [a shining eye]
 31516 | Slime:1  | Reached skill level 10 in Axes
 32458 | Orc:1    | Found Kyexzet's Distillery.
 32466 | Orc:1    | Bought a potion of mutation for 112 gold pieces
 32466 | Orc:1    | Bought a potion of mutation for 112 gold pieces
 32632 | Elf:1    | Entered Level 1 of the Elven Halls
 33006 | Elf:1    | Reached skill level 15 in Dodging
 33094 | Elf:1    | Found Weomil's Jewellery Shoppe.
 33099 | Elf:1    | Found Zent's Antique Weapon Emporium.
 33099 | Elf:1    | Found Lafadgh's Assorted Antiques.
 33104 | Elf:1    | Bought the ring "Zeur" {Wiz Will+ rCorr Dex+2} for 786 gold
                  | pieces
 33108 | Elf:1    | Found Gojuisch's Antique Weapon Emporium.
 33117 | Elf:1    | Bought a bone hand axe for 288 gold pieces
 33117 | Elf:1    | Identified the +0 hand axe of Strategic Superiority
                  | {protect, rC+ Dex+3 SInv} (You bought it in a shop on level
                  | 1 of the Elven Halls)
 33195 | Elf:1    | Found Keiggyupp's Antique Weapon Emporium.
 33199 | Elf:1    | Bought a smoking spear for 184 gold pieces
 33199 | Elf:1    | Identified the +8 spear of Usas {drain, Str+3 Dex+5 Stlth+}
                  | (You bought it in a shop on level 1 of the Elven Halls)
 33714 | Elf:2    | Found a flickering gateway to a bazaar.
 33737 | Bazaar   | Entered a bazaar
 33742 | Bazaar   | Found Qyewituq's Book Shoppe.
 33748 | Bazaar   | Found Xeholul's Jewellery Emporium.
 33753 | Bazaar   | Found Fubenor's Assorted Antiques.
 33762 | Bazaar   | Found Raej's Magic Scroll Shoppe.
 33769 | Bazaar   | Found Ditotup's Distillery.
 33777 | Bazaar   | Bought a potion of heal wounds for 45 gold pieces
 33777 | Bazaar   | Bought a potion of heal wounds for 45 gold pieces
 33895 | Elf:2    | Noticed Norris
 33899 | Elf:2    | Killed Norris
 33900 | Elf:2    | Found a crumbling gateway.
 33968 | Desolati | Entered the Desolation of Salt
 34082 | Desolati | Reached XP level 21. HP: 155/165 MP: 0/0
 34082 | Desolati | Learned a level 8 spell: Lehudib's Crystal Spear
 34434 | Desolati | Identified the amulet "Uboth" {Reflect rCorr SH+5}
 34748 | Desolati | Identified the amulet "Fud Idue" {rF+ RegenMP+ Str+3}
 34751 | Desolati | Identified the ring "Vecasch" {Will++ rCorr Int+3}
 34954 | Desolati | Identified the ring of Beogh's Benevolence {AC+4 SInv}
 35037 | Desolati | Identified the ring of Meurifam {rN+ Will+ rCorr}
 35039 | Desolati | Identified the amulet "Cathac" {+Inv rPois Will- Regen+
                  | Str+5}
 35279 | Desolati | Identified the +4 tower shield of Fedhas's Delight {Int+5}
 35381 | Desolati | Identified the +1 ring mail of Vasmioc {rElec rPois Str-3
                  | Dex-4}
 35383 | Desolati | Identified the +0 helmet "Pyehagol" {MP+9 Str+2 Dex-2}
 35646 | Elf:2    | Found a runed translucent gate.
 35646 | Elf:2    | Found a runed translucent gate.
 35655 | Elf:2    | Found a runed translucent gate.
 35956 | Elf:2    | Noticed Donald
 35965 | Elf:2    | Killed Donald
 35966 | Elf:2    | Noticed Louise
 35973 | Elf:2    | Killed Louise
 36085 | Elf:2    | Upgraded the game from 0.32-a0-859-gb0a091d592 to
                  | 0.32-a0-868-g153ae1a8d6
 36465 | Elf:2    | Reached XP level 22. HP: 160/173 MP: 0/0
 36476 | Elf:3    | Entered Level 3 of the Elven Halls
 36677 | Elf:3    | Found Vouzeap's Distillery.
 37021 | Elf:3    | Reached skill level 10 in Shields
 37024 | Elf:3    | Noticed Zenata
 37060 | Elf:3    | Killed Zenata
 37466 | Elf:3    | Reached skill level 15 in Spellcasting
 37466 | Elf:3    | Reached skill level 15 in Conjurations
 37466 | Elf:3    | Reached skill level 15 in Hexes
 37466 | Elf:3    | Reached skill level 15 in Summonings
 37466 | Elf:3    | Reached skill level 15 in Necromancy
 37466 | Elf:3    | Reached skill level 15 in Translocations
 37466 | Elf:3    | Reached skill level 15 in Fire Magic
 37466 | Elf:3    | Reached skill level 15 in Ice Magic
 37466 | Elf:3    | Reached skill level 15 in Air Magic
 37466 | Elf:3    | Reached skill level 15 in Earth Magic
 37466 | Elf:3    | Reached skill level 15 in Alchemy
 37541 | Elf:3    | Identified the amulet of Cuof Gem {Harm Regen+}
 37589 | Elf:3    | Found the +13 sword of the Doom Knight {doom -Cast ^Drain
                  | Will+}
 37593 | Elf:3    | Identified the +4 arbalest of the Howling Gods {drain,
                  | Int+2 SInv}
 37598 | Elf:3    | Identified the staff "Borutuaq" {rElec rF+ rCorr Str-4 Air}
 37607 | Elf:3    | Found the +8 longbow "Zephyr" {speed, Dex+3 SInv}
 37624 | Elf:3    | Identified the +3 scale mail "Oluclicw" {Will+ Dex+3}
 37626 | Elf:3    | Identified the ring of Oraiggec {rPois rF+}
 38767 | D:13     | Found a gate to the Vaults.
 39053 | D:14     | Found Vuan's Antique Weapon Shop.
 39080 | D:14     | Found a hide-covered altar of Uskayaw.
 39121 | D:14     | Found a gate leading to a gauntlet.
 39141 | Gauntlet | Entered a Gauntlet
 39141 | Gauntlet | Found a transporter.
 39152 | Gauntlet | Found a transporter.
 39152 | Gauntlet | Found a transporter.
 39154 | Gauntlet | Found a transporter.
 39169 | Gauntlet | Found a transporter.
 39184 | Gauntlet | Found a transporter.
 39192 | Gauntlet | Found a transporter.
 39214 | Gauntlet | Found a transporter.
 39229 | Gauntlet | Found a transporter.
 39241 | Gauntlet | Found a transporter.
 39253 | Gauntlet | Found a transporter.
 39269 | Gauntlet | Found a transporter.
 39294 | Gauntlet | Found a transporter.
 39318 | Gauntlet | Found a transporter.
 39324 | Gauntlet | Found a transporter.
 39324 | Gauntlet | Found a transporter.
 39374 | Gauntlet | Found a transporter.
 39374 | Gauntlet | Found the +7 Spriggan's Knife {stab, EV+4 Stlth+}
 39405 | Gauntlet | Found a transporter.
 39579 | Gauntlet | Identified the +0 helmet of Sloth {rCorr}
 39963 | D:15     | Entered Level 15 of the Dungeon
 40176 | D:15     | Found a staircase to the Depths.
 40411 | D:15     | Found the +3 salamander hide armour {Flames, rFlCloud rF++
                  | rC--}
 40620 | D:15     | Reached XP level 23. HP: 173/181 MP: 0/0
 40620 | D:15     | Learned a level 8 spell: Discord
 40984 | Depths:1 | Entered Level 1 of the Depths
 41058 | Depths:1 | Found a gateway to Hell.
 41203 | Depths:1 | Found a magical portal.
 41240 | Depths:1 | Acquired the ring "Ylezxiat" {rC+ Str+3 Int+6}
 41245 | WizLab   | Entered The Hall of the Hellbinder
 41462 | WizLab   | Noticed a dread lich
 41471 | WizLab   | Killed a dread lich
 41478 | WizLab   | Identified the +11 lajatang of Ramatepi {vamp, Will+}
 41478 | WizLab   | Noticed Ocsuggohul
 41509 | WizLab   | Killed Ocsuggohul the Hellbinder
 41698 | WizLab   | Found a burning altar of Makhleb.
 42013 | Depths:1 | Found a basalt altar of Yredelemnul.
 42358 | Depths:1 | Found a portal to a secret trove of treasure.
 42988 | Slime:2  | Gained mutation: You are frail. (-10% HP) [a shining eye]
 42991 | Slime:2  | Gained mutation: Armour fits poorly on your strangely
                  | shaped body. [a shining eye]
 43881 | Slime:4  | Gained mutation: You do not regenerate when monsters are
                  | visible. [a shining eye]
 43882 | Slime:4  | Gained mutation: You passively map a small area around you.
                  | [a shining eye]
 44027 | Slime:3  | Gained mutation: Your body sometimes deteriorates upon
                  | taking damage. [a shining eye]
 44423 | Slime:4  | Reached XP level 24. HP: 142/170 MP: 0/0
 44869 | Slime:5  | Entered Level 5 of the Pits of Slime
 44959 | Slime:5  | Noticed the Royal Jelly
 45212 | Slime:5  | Killed the Royal Jelly
 45383 | Slime:5  | Lost mutation: You do not regenerate when monsters are
                  | visible. [potion of mutation]
 45383 | Slime:5  | Lost mutation: You are clumsy. (Dex -2) [potion of
                  | mutation]
 45383 | Slime:5  | Gained mutation: You possess an exceptional clarity of
                  | mind. [potion of mutation]
 45542 | Slime:5  | Identified the +7 trident of Understanding {flame, Int+3
                  | Stlth+}
 45580 | Slime:5  | Identified the +5 demon blade of Bile {venom, rC+ rCorr}
 45591 | Slime:5  | Identified the ring of Vaelilli {rF+ Slay+4}
 45591 | Slime:5  | Found the +5 Force Lance {heavy, knockback}
 45597 | Slime:5  | Got a slimy rune of Zot
 45623 | Slime:5  | Identified the +0 plate armour "Aroytrel" {Rampage Will+
                  | Int+4 Dex+3}
 45637 | Slime:5  | Identified the +0 leather armour "Faotz" {rF+ rN+ Str+4}
 46344 | Vaults:1 | Entered Level 1 of the Vaults
 46615 | Vaults:1 | Acquired 762 gold pieces
 47171 | Vaults:1 | Identified the serpent talisman of Responsibility {rF+
                  | Int+3}
 47298 | Vaults:1 | Found Toeted's Assorted Antiques.
 48037 | Vaults:2 | Reached XP level 25. HP: 164/177 MP: 0/0
 48037 | Vaults:2 | Learned a level 9 spell: Shatter
 48090 | Vaults:2 | Identified the +3 war axe of Wu Jian's Vengeance {venom,
                  | Fly rElec}
 48242 | Vaults:2 | Found a transporter.
 48278 | Vaults:2 | Noticed Epirepp's ghost (adept DrSh)
 48279 | Vaults:2 | Identified the +7 great mace "Uqogered" {flame, rF- rN+++
                  | Dex+4}
 48280 | Vaults:2 | Found a transporter.
 48288 | Vaults:2 | Killed Epirepp's ghost
 48313 | Vaults:2 | Identified the +0 pair of boots of the Circus Animal {rCorr
                  | Slay+3}
 49734 | Vaults:3 | Found a staircase to the Crypt.
 49734 | Vaults:3 | Found a basalt altar of Yredelemnul.
 50503 | Vaults:4 | Reached skill level 15 in Armour
 50503 | Vaults:4 | Reached skill level 15 in Invocations
 51147 | Vaults:4 | Reached XP level 26. HP: 132/185 MP: 0/0
 51185 | Vaults:4 | Reached skill level 15 in Axes
 51612 | Vaults:4 | Found Ylegit's Antique Armour Boutique.
 51800 | Vaults:5 | Entered Level 5 of the Vaults
 52012 | Vaults:5 | Identified the +4 great sword "Azezo" {heavy, rPois rF+
                  | SInv}
 52116 | Vaults:5 | Noticed an ancient lich
 52122 | Vaults:5 | Killed an ancient lich
 52870 | Vaults:5 | Noticed a dread lich
 52874 | Vaults:5 | Killed a dread lich
 52928 | Vaults:5 | Identified the +3 scale mail of the Locust {rN++}
 53073 | Vaults:5 | Noticed an ancient lich
 53084 | Vaults:5 | Reached skill level 1 in Staves
 53086 | Vaults:5 | Killed an ancient lich
 53090 | Vaults:5 | Identified the ring "Zenloowa" {Wiz rC+ Str-3 Slay+2 SInv}
 53193 | Vaults:5 | Got a silver rune of Zot
 53654 | Crypt:1  | Entered Level 1 of the Crypt
 53767 | Crypt:1  | Reached XP level 27. HP: 118/186 MP: 0/0
 53767 | Crypt:1  | Learned a level 9 spell: Fire Storm
 54599 | Crypt:1  | Identified the +6 chain mail "Daurch" {rPois rC+ Str+3
                  | Stlth+}
 54600 | Crypt:1  | Identified the +10 longbow "Killer Bee's Peril" {flame,
                  | SInv}
 55756 | Crypt:3  | Entered Level 3 of the Crypt
 56087 | Crypt:3  | Noticed Jory
 56091 | Crypt:3  | Killed Jory
 57202 | Crypt:3  | Acquired a manual of Necromancy
 57221 | Crypt:3  | Found a staircase to the Tomb.
 58438 | Depths:2 | Identified the +1 pair of boots of Soevaigg {Harm}
 58461 | Depths:2 | Identified the +8 glaive of Resumed Hostilities {speed,
                  | Int+3}
 58689 | Depths:2 | Found a one-way gate leading to the halls of Pandemonium.
 58950 | Depths:3 | HP: 5/195 [juggernaut simulacrum (15)]
 59800 | D:5      | Bought a scroll of enchant armour for 90 gold pieces
 60020 | Depths:1 | You paid a toll of +3 storm dragon scales to enter a
                  | treasure trove
 60021 | Trove    | Entered a treasure trove
 60359 | Depths:3 | Identified the ring of Stoicism {Ice SInv}
 60359 | Depths:3 | Noticed Josephina
 60368 | Depths:3 | Killed Josephina
 60503 | Depths:3 | Identified the staff of Qourokh {*Slow rC+ Str+4 Ice Air}
 61069 | Depths:3 | Found a one-way gateway to a ziggurat.
 61142 | Depths:3 | Found a one-way gate to the infinite horrors of the Abyss.
 61334 | Depths:3 | Voluntarily entered the Abyss.
 61334 | Abyss:1  | Found a corrupted altar of Lugonu.
 61358 | Abyss:1  | Found a corrupted altar of Lugonu.
 61817 | Depths:3 | Escaped the Abyss
 61881 | Depths:3 | Voluntarily entered the Abyss.
 61883 | Abyss:1  | Found a corrupted altar of Lugonu.
 61885 | Abyss:2  | Found a corrupted altar of Lugonu.
 61922 | Abyss:2  | Found a corrupted altar of Lugonu.
 61929 | Abyss:3  | Found a corrupted altar of Lugonu.
 62051 | Abyss:3  | Noticed an ancient lich
 62054 | Abyss:3  | Reached skill level 15 in Shields
 62056 | Abyss:3  | Killed an ancient lich
 62171 | Abyss:3  | Gained mutation: You are very frail. (-20% HP) [a shining
                  | eye]
 62172 | Abyss:3  | Gained mutation: You have a pair of small antennae on your
                  | head. [a shining eye]
 62394 | Depths:3 | Escaped the Abyss
 62448 | Depths:3 | Voluntarily entered the Abyss.
 62454 | Abyss:3  | Noticed a dread lich
 62462 | Abyss:3  | Killed a dread lich
 62589 | Depths:3 | Escaped the Abyss
 62672 | Depths:3 | Lost mutation: Your body sometimes deteriorates upon taking
                  | damage. [potion of mutation]
 62672 | Depths:3 | Lost mutation: You are very frail. (-20% HP) [potion of
                  | mutation]
 62672 | Depths:3 | Lost mutation: You are frail. (-10% HP) [potion of
                  | mutation]
 62672 | Depths:3 | Gained mutation: Your movements are slightly less
                  | encumbered by armour. (ER -2) [potion of mutation]
 62674 | Depths:3 | Voluntarily entered the Abyss.
 62877 | Abyss:3  | Lost mutation: You occasionally lose the ability to drink
                  | potions when taking damage. [potion of mutation]
 62877 | Abyss:3  | Lost mutation: Your movements are slightly less encumbered
                  | by armour. (ER -2) [potion of mutation]
 62877 | Abyss:3  | Gained mutation: Your flesh is almost immune to the effects
                  | of heat. (rF+++) [potion of mutation]
 62877 | Abyss:3  | Gained mutation: You passively map the area around you.
                  | [potion of mutation]
 62878 | Abyss:3  | Lost mutation: You have a pair of small antennae on your
                  | head. [potion of mutation]
 62878 | Abyss:3  | Lost mutation: You are partially covered in iridescent
                  | scales. (AC +2) [potion of mutation]
 62878 | Abyss:3  | Lost mutation: Your flesh is almost immune to the effects
                  | of heat. (rF+++) [potion of mutation]
 62878 | Abyss:3  | Lost mutation: You passively map the area around you.
                  | [potion of mutation]
 62886 | Abyss:3  | HP: 9/220 [starcursed mass/accursed screaming (7)]
 62887 | Abyss:3  | Found a corrupted altar of Lugonu.
 62962 | Depths:3 | Escaped the Abyss
 63126 | Hell     | Entered the Vestibule of Hell
 63126 | Hell     | Noticed Geryon
 63145 | Hell     | Killed Geryon
 63353 | Hell     | Reached skill level 1 in Evocations
 63469 | Hell     | Found a gateway to the freezing wastes of Cocytus.
 63608 | Hell     | Found a gateway to the ashen valley of Gehenna.
 63677 | Hell     | Found a gateway to the decaying netherworld of Tartarus.
 63738 | Hell     | Found a gateway to the Iron City of Dis.
 63752 | Dis:1    | Entered Level 1 of the Iron City of Dis
 65140 | Tar:1    | Entered Level 1 of Tartarus
 65675 | Tar:2    | You are sucked into a shaft and drop 2 floors!
 66055 | Tar:4    | Reached skill level 5 in Evocations
 66279 | Tar:2    | Lost strength.
 67292 | Geh:1    | Entered Level 1 of Gehenna
 69492 | Hell     | Upgraded the game from 0.32-a0-868-g153ae1a8d6 to
                  | 0.32-a0-871-ge202e49faa
 69531 | Geh:3    | Lost strength.
 69845 | Depths:4 | Entered Level 4 of the Depths
 70081 | Depths:4 | Noticed a juggernaut
 70084 | Depths:4 | Killed a juggernaut
 70252 | Depths:4 | Found Xusitoif's Distillery.
 70260 | Depths:4 | Bought a potion of might for 56 gold pieces
 70260 | Depths:4 | Bought a potion of heal wounds for 70 gold pieces
 70410 | Depths:4 | Found Fedeuch's Antique Weapon Shop.
 70415 | Depths:4 | Bought a polished dagger for 217 gold pieces
 70415 | Depths:4 | Identified the +12 dagger "Secret Weapon" {speed, *Slow
                  | Will+++ Int+5} (You bought it in a shop on level 4 of the
                  | Depths)
 70800 | Geh:5    | HP: 8/197 [??? (4)]
 71119 | Depths:4 | Noticed Xtahua
 71124 | Depths:4 | Reached skill level 27 in Fighting
 71280 | Depths:4 | Killed Xtahua
 71388 | Depths:4 | Found a gate to the Realm of Zot.
 71700 | Zot:1    | Entered Level 1 of the Realm of Zot
 71894 | Zot:1    | Noticed a Killer Klown
 71898 | Zot:1    | Noticed a Killer Klown
 71916 | Zot:1    | Killed a Killer Klown
 71933 | Zot:1    | Killed a Killer Klown
 72671 | Zot:1    | Found a transporter.
 72686 | Zot:1    | Found a transporter.
 72703 | Zot:1    | Found a transporter.
 72763 | Zot:1    | Found a transporter.
 72796 | Zot:1    | You are sucked into a shaft and drop 1 floor!
 73083 | Zot:2    | Noticed an orb of fire
 73089 | Zot:2    | Killed an orb of fire
 73806 | Tomb:1   | Entered Level 1 of the Tomb of the Ancients
 73978 | Tomb:1   | Reached skill level 10 in Evocations
 74484 | Tomb:1   | Noticed a royal mummy
 74494 | Tomb:1   | Killed a royal mummy
 74674 | Tomb:1   | Noticed a royal mummy
 74674 | Tomb:1   | Noticed a royal mummy
 74681 | Tomb:1   | Killed a royal mummy
 74690 | Tomb:1   | Noticed a royal mummy
 74691 | Tomb:1   | Killed a royal mummy
 74692 | Tomb:1   | Noticed a royal mummy
 74696 | Tomb:1   | Killed a royal mummy
 74697 | Tomb:1   | Killed a royal mummy
 74698 | Tomb:1   | Noticed a royal mummy
 74707 | Tomb:1   | Noticed a royal mummy
 74981 | Tomb:1   | Killed a royal mummy
 75198 | Tomb:1   | Killed a royal mummy
 75306 | Tomb:1   | Noticed a royal mummy
 75330 | Tomb:1   | Killed a royal mummy
 75617 | Tomb:1   | Noticed a royal mummy
 75620 | Tomb:1   | Killed a royal mummy
 75653 | Tomb:1   | Noticed a royal mummy
 75658 | Tomb:1   | Killed a royal mummy
 75805 | Tomb:1   | Noticed a royal mummy
 75809 | Tomb:1   | Killed a royal mummy
 75830 | Tomb:1   | Noticed a royal mummy
 75886 | Tomb:1   | Noticed a royal mummy
 75901 | Tomb:1   | Killed a royal mummy
 75903 | Tomb:1   | Noticed a royal mummy
 75967 | Tomb:1   | Killed a royal mummy
 76127 | Tomb:1   | Noticed a royal mummy
 76131 | Tomb:1   | Killed a royal mummy
 76138 | Tomb:1   | Noticed a royal mummy
 76155 | Tomb:1   | Killed a royal mummy
 76199 | Tomb:1   | Noticed a royal mummy
 76217 | Tomb:1   | Killed a royal mummy
 76364 | Tomb:1   | Killed a royal mummy
 76365 | Tomb:1   | Reached skill level 27 in Necromancy
 76846 | Zig:1    | Entered Level 1 of a ziggurat
 76884 | Zig:2    | Entered Level 2 of a ziggurat
 76912 | Zig:3    | Entered Level 3 of a ziggurat
 76934 | Zig:4    | Entered Level 4 of a ziggurat
 76993 | Zig:4    | Identified the +4 scale mail "Wurit" {rC+ Dex+3 Slay+3}
 76997 | Zig:5    | Entered Level 5 of a ziggurat
 77030 | Zig:6    | Entered Level 6 of a ziggurat
 77084 | Zig:6    | Identified the +0 plate armour of Objectivity {+Inv}
 77104 | Zig:7    | Entered Level 7 of a ziggurat
 77111 | Zig:7    | Noticed an ancient lich
 77118 | Zig:7    | Killed an ancient lich
 77297 | Zig:7    | Identified the +9 quarterstaff of Kidufay {freeze, rC-
                  | Will++ Dex+6}
 77331 | Zig:8    | Entered Level 8 of a ziggurat
 77389 | Zig:8    | Identified the amulet of Dupug {Reflect rElec Str+2 SH+5
                  | Stlth+}
 77438 | Zig:9    | Entered Level 9 of a ziggurat
 77484 | Zig:9    | Found the +27 heavy crossbow "Sniper" {heavy, Acc+∞ SInv}
 77485 | Zig:9    | Found the +8 arc blade {discharge, rElec}
 77626 | Zig:9    | Identified the +8 great sword "Xeonateo" {elec, rN+ MP+9
                  | Int+3}
 77628 | Zig:9    | Identified the +10 sling "Imask" {freeze, Str+6 Int+5}
 77663 | Zig:10   | Entered Level 10 of a ziggurat
 77734 | Zig:10   | Identified the staff of the Shining Light {rPois rN+ Will+
                  | Alchemy}
 77742 | Zig:10   | Identified the ring "Gigh" {rPois rF- rCorr Str-5 Dex+7}
 77771 | Zig:11   | Entered Level 11 of a ziggurat
 77888 | Zig:11   | Found the +0 mask of the Dragon {Will+ Slay+3 SInv}
 77894 | Zig:11   | Identified the +3 hand axe of an ossuary {heavy, rC+ Int+3
                  | Dex+6}
 77895 | Zig:11   | Identified the +8 great mace of Kut Rarch {speed, rF+ Str+3
                  | Dex+3}
 77928 | Zig:12   | Entered Level 12 of a ziggurat
 78064 | Zig:12   | Acquired 785 gold pieces
 78065 | Zig:12   | Acquired 1336 gold pieces
 78066 | Zig:12   | Acquired 1132 gold pieces
 78075 | Zig:12   | Identified the +5 scale mail "Huozed" {Regen+}
 78160 | Zig:13   | Entered Level 13 of a ziggurat
 78196 | Zig:13   | Paralysed by an air elemental for 1 turns
 78304 | Zig:13   | Identified the +1 pearl dragon scales "Veassyus" {rElec rN+
                  | Dex+2}
 78330 | Zig:13   | Identified the +5 hand axe of Disembowelment {venom, ^Drain
                  | Str+5 Int+5 Dex+2}
 78379 | Zig:14   | Entered Level 14 of a ziggurat
 78414 | Zig:14   | Noticed a shard shrike
 78417 | Zig:14   | Killed a shard shrike
 78546 | Zig:14   | Identified the amulet "Yshriy" {Faith Regen+ Str-3 Dex+7}
 78556 | Zig:14   | Identified the ring "Budweisuocs" {rPois rF+ rN+ Str+4}
 78584 | Zig:15   | Entered Level 15 of a ziggurat
 78772 | Zig:15   | Identified the +2 hat of the Tuna {Dex+3 SInv}
 78779 | Zig:15   | Identified the +9 chain mail of Birdsong {Dex+5}
 78785 | Zig:15   | Identified the +7 hand axe "Killer Klown's Foe" {vamp,
                  | Will+ Int+3 Dex+4}
 78788 | Zig:16   | Entered Level 16 of a ziggurat
 78797 | Zig:16   | Noticed Bautos the pandemonium lord
 78798 | Zig:16   | Noticed Zuodgh the pandemonium lord
 78799 | Zig:16   | Noticed Runkoff the pandemonium lord
 78800 | Zig:16   | Noticed Monopt the pandemonium lord
 78801 | Zig:16   | Noticed Kanoseg the pandemonium lord
 78801 | Zig:16   | Banished Runkoff the pandemonium lord
 78802 | Zig:16   | Noticed Duschahai the pandemonium lord
 78805 | Zig:16   | Noticed a Killer Klown
 78805 | Zig:16   | Noticed Gaicraje the pandemonium lord
 78808 | Zig:16   | Killed a Killer Klown
 78814 | Zig:16   | Noticed a Killer Klown
 78817 | Zig:16   | Identified the +5 halberd of a volcano {freeze, Will+ Str-2
                  | Dex+4}
 78817 | Zig:16   | Found the +3 hat of Pondering {ponderous, Will+ MP+10
                  | Int+5}
 78817 | Zig:16   | Found the +7 captain's cutlass {speed, disarm}
 78824 | Zig:16   | Killed Zuodgh the pandemonium lord
 78826 | Zig:16   | Identified the +0 cloak "Tileofyt" {Harm rElec}
 78833 | Zig:16   | Identified the +7 great sword of Infection {freeze, rPois}
 78846 | Zig:16   | HP: 6/228 [Kanoseg the pandemonium lord (46)]
 78848 | Zig:16   | Killed Monopt the pandemonium lord
 78852 | Zig:16   | Killed Duschahai the pandemonium lord
 78854 | Zig:16   | Killed a Killer Klown
 78857 | Zig:16   | Killed Gaicraje the pandemonium lord
 78865 | Zig:16   | Killed Kanoseg the pandemonium lord
 78867 | Zig:16   | Killed Bautos the pandemonium lord
 79028 | Zig:16   | Identified the ring of Gomanu Coamu {Fly rN+ Will- Str-4
                  | Dex+4}
 79038 | Zig:16   | Identified the +1 robe of Fun {Harm rCorr}
 79126 | Zig:17   | Entered Level 17 of a ziggurat
 79143 | Zig:17   | Reached skill level 27 in Ice Magic
 79274 | Zig:17   | Found the +8 pair of quick blades "Gyre" and "Gimble"
                  | {protect}
 79287 | Zig:17   | Identified the +12 demon trident of Dawn {vamp, rElec Int+4
                  | Dex+4}
 79290 | Zig:17   | Identified the +9 halberd "Kine" {venom, *Noise Int+2 Dex+2
                  | Stlth+}
 79293 | Zig:17   | Identified the +1 robe "Zinwyh" {rElec rCorr Str+3}
 79297 | Zig:17   | Identified the staff of Urearau {rPois rN+ Alchemy}
 79300 | Zig:17   | Identified the ring "Juroub Deit" {rF- rC+ rN++ Int+6}
 79304 | Zig:17   | Identified the ring of Haxtije {Fly Will+ Dex+6}
 79308 | Zig:17   | Identified the staff of Shame {rF+ Fire Alchemy}
 79391 | Zig:18   | Entered Level 18 of a ziggurat
 79516 | Zig:18   | Identified the +7 quarterstaff "Grim Tooth" {venom, rPois
                  | rF+ Str+2 Stlth+}
 79518 | Zig:18   | Identified the +5 chain mail "Ugryd" {Str+4 Int+4 Dex-3
                  | Slay+2 Stlth+}
 79523 | Zig:18   | Identified the ring "Enulo" {rPois rN+ Str-2 Dex+6 Stlth+}
 79537 | Zig:18   | Identified the staff of Equivalence {rF+ rCorr Int-2 SInv
                  | Fire}
 79548 | Zig:19   | Entered Level 19 of a ziggurat
 79564 | Zig:19   | Noticed an ancient lich
 79573 | Zig:19   | Killed an ancient lich
 79576 | Zig:19   | Noticed an ancient lich
 79589 | Zig:19   | Noticed an ancient lich
 79592 | Zig:19   | Killed an ancient lich
 79601 | Zig:19   | Killed an ancient lich
 79794 | Zig:19   | Found the +2 shield of Resistance {rF++ rC++ Will++}
 79800 | Zig:19   | Identified the +2 war axe "Anaumemp" {freeze, rElec rF+
                  | Will+}
 79815 | Zig:19   | Identified the +6 arbalest "Zint" {penet, Fly}
 79824 | Zig:19   | Identified the staff "Ihunt" {^Contam *Slow rF+ rN+ Will+++
                  | Necro}
 79825 | Zig:19   | Identified the ring "Vikojir" {rPois MP+9}
 79866 | Zig:20   | Entered Level 20 of a ziggurat
 79888 | Zig:20   | Noticed a royal mummy
 79892 | Zig:20   | Noticed a royal mummy
 79898 | Zig:20   | Noticed a royal mummy
 79899 | Zig:20   | Noticed a royal mummy
 79905 | Zig:20   | Noticed a royal mummy
 79908 | Zig:20   | Killed a royal mummy
 79915 | Zig:20   | HP: 9/228 [royal mummy/divine providence (11)]
 79921 | Zig:20   | Killed a royal mummy
 79922 | Zig:20   | Reached skill level 15 in Evocations
 79924 | Zig:20   | Killed a royal mummy
 79925 | Zig:20   | Killed a royal mummy
 79968 | Zig:20   | Killed a royal mummy
 80142 | Zig:20   | Identified the amulet "Haung" {Spirit rF+ rC+ Int+3}
 80155 | Zig:20   | Identified the +2 scimitar "Feoto" {freeze, rElec Str+2}
 80160 | Zig:20   | Identified the +5 executioner's axe of Severance {elec,
                  | +Blink rF+}
 80195 | Zig:21   | Entered Level 21 of a ziggurat
 80216 | Zig:21   | Noticed a royal mummy
 80222 | Zig:21   | Noticed a royal mummy
 80224 | Zig:21   | Noticed a royal mummy
 80226 | Zig:21   | Noticed a royal mummy
 80231 | Zig:21   | Noticed a royal mummy
 80235 | Zig:21   | Noticed a royal mummy
 80236 | Zig:21   | Killed a royal mummy
 80236 | Zig:21   | Noticed a royal mummy
 80236 | Zig:21   | Noticed a royal mummy
 80236 | Zig:21   | Noticed a royal mummy
 80239 | Zig:21   | Noticed a royal mummy
 80243 | Zig:21   | Killed a royal mummy
 80243 | Zig:21   | Killed a royal mummy
 80248 | Zig:21   | Killed a royal mummy
 80248 | Zig:21   | Noticed a royal mummy
 80259 | Zig:21   | Noticed a royal mummy
 80261 | Zig:21   | Noticed a royal mummy
 80263 | Zig:21   | Killed a royal mummy
 80271 | Zig:21   | Killed a royal mummy
 80278 | Zig:21   | Noticed a royal mummy
 80281 | Zig:21   | Killed a royal mummy
 80297 | Zig:21   | Killed a royal mummy
 80302 | Zig:21   | Identified the +0 leather armour of Lethargy {rPois rCorr
                  | Int+4 Slay-3}
 80302 | Zig:21   | Killed a royal mummy
 80303 | Zig:21   | Killed a royal mummy
 80327 | Zig:21   | Killed a royal mummy
 80357 | Zig:21   | Killed a royal mummy
 80361 | Zig:21   | Killed a royal mummy
 80362 | Zig:21   | Reached skill level 27 in Spellcasting
 80362 | Zig:21   | Reached skill level 27 in Conjurations
 80362 | Zig:21   | Reached skill level 27 in Hexes
 80362 | Zig:21   | Reached skill level 27 in Summonings
 80362 | Zig:21   | Reached skill level 27 in Translocations
 80362 | Zig:21   | Reached skill level 27 in Fire Magic
 80362 | Zig:21   | Reached skill level 27 in Air Magic
 80362 | Zig:21   | Reached skill level 27 in Earth Magic
 80362 | Zig:21   | Reached skill level 27 in Alchemy
 80401 | Zig:21   | Killed a royal mummy
 80576 | Zig:21   | Identified the +4 scimitar of True Grit {vamp, SInv}
 80859 | Geh:5    | You are sucked into a shaft and drop 1 floor!
 81241 | Geh:7    | Entered Level 7 of Gehenna
 81871 | Geh:7    | Identified the +3 morningstar "Cuoraoh" {freeze, rC- rN+
                  | Int+3}
 82028 | Geh:7    | Found the +13 sceptre of Asmodeus
 82028 | Geh:7    | Noticed Asmodeus
 82034 | Geh:7    | Killed Asmodeus
 82123 | Geh:7    | Found the +15 Maxwell's patent armour {-Cast -Tele rElec
                  | Will+ rCorr}
 82135 | Geh:7    | Got an obsidian rune of Zot
 84301 | Zot:3    | Reached skill level 1 in Ranged Weapons
 84301 | Zot:3    | Reached skill level 1 in Throwing
 84340 | Zot:3    | Found a runed translucent door.
 84340 | Zot:3    | Found a shimmering altar of Xom.
 84340 | Zot:3    | Noticed Qunuun's ghost (legendary DsFi)
 84636 | Zot:3    | Identified the +7 spear "Edouwiah" {freeze, ^Fragile Dex+6}
 84666 | Zot:3    | Noticed an orb of fire
 84667 | Zot:3    | Gained mutation: Your health recovers twice as slowly from
                  | being drained. [an orb of fire]
 84677 | Zot:3    | Killed an orb of fire
 85143 | Zot:3    | Killed Qunuun's ghost
 85902 | Zot:5    | Entered Level 5 of the Realm of Zot
 86441 | Zot:5    | Noticed an ancient lich
 86445 | Zot:5    | Killed an ancient lich
 86523 | Zot:5    | Noticed an orb of fire
 86530 | Zot:5    | Killed an orb of fire
 86545 | Zot:5    | Noticed a dread lich
 86553 | Zot:5    | Killed a dread lich
 86557 | Zot:5    | Noticed an ancient lich
 86559 | Zot:5    | Killed an ancient lich
 86562 | Zot:5    | Noticed a Killer Klown
 86569 | Zot:5    | Killed a Killer Klown
 86625 | Zot:5    | Noticed a dread lich
 86769 | Zot:5    | Noticed an orb of fire
 86771 | Zot:5    | Noticed a Killer Klown
 86772 | Zot:5    | Noticed a Killer Klown
 86772 | Zot:5    | Noticed a dread lich
 86776 | Zot:5    | Killed a Killer Klown
 86776 | Zot:5    | Noticed an orb of fire
 86777 | Zot:5    | Noticed a Killer Klown
 86782 | Zot:5    | Killed a Killer Klown
 86786 | Zot:5    | Killed an orb of fire
 86791 | Zot:5    | HP: 9/228 [orb of fire/fireball (16)]
 86792 | Zot:5    | Killed a Killer Klown
 86794 | Zot:5    | Gained mutation: You are weak. (Str -2) [an orb of fire]
 86800 | Zot:5    | Noticed a Killer Klown
 86827 | Zot:5    | Killed a dread lich
 86843 | Zot:5    | Killed a Killer Klown
 86987 | Zot:5    | Upgraded the game from 0.32-a0-871-ge202e49faa to
                  | 0.32-a0-876-gcfddb08e57
 87039 | Zot:5    | Noticed a Killer Klown
 87039 | Zot:5    | Lost mutation: You possess an exceptional clarity of mind.
                  | [an orb of fire]
 87045 | Zot:5    | Killed a Killer Klown
 87053 | Zot:5    | Killed an orb of fire
 87136 | Zot:5    | Killed a dread lich
 87285 | Depths:3 | Voluntarily entered the Abyss.
 87341 | Abyss:3  | Got an abyssal rune of Zot
 87352 | Abyss:3  | Found a corrupted altar of Lugonu.
 87392 | Abyss:3  | Found a corrupted altar of Lugonu.
 87441 | Abyss:3  | Noticed an ancient lich
 87451 | Abyss:3  | Killed an ancient lich
 87475 | Abyss:3  | Noticed an ancient lich
 87488 | Abyss:3  | Killed an ancient lich
 87491 | Depths:3 | Escaped the Abyss
 88082 | Tomb:1   | Noticed a royal mummy
 88087 | Tomb:1   | Killed a royal mummy
 88135 | Tomb:1   | Noticed a royal mummy
 88138 | Tomb:1   | Killed a royal mummy
 88163 | Tomb:1   | Noticed a royal mummy
 88175 | Tomb:1   | Killed a royal mummy
 88461 | Tomb:2   | Noticed a royal mummy
 88461 | Tomb:2   | Noticed a royal mummy
 88463 | Tomb:2   | Noticed a royal mummy
 88463 | Tomb:2   | Noticed a royal mummy
 88465 | Tomb:2   | Noticed a royal mummy
 88470 | Tomb:2   | HP: 5/228 [royal mummy/divine providence (7)]
 88471 | Tomb:2   | Killed from afar by a royal mummy

Illustrated notes

Levels and vault maps discovered:
D:1:      saegor_arrival_simple_a, layout_basic, serial_forest,
          infiniplex_forest_zigzag_2, infiniplex_forest_zigzag_2,
          infiniplex_forest_clump_small, infiniplex_forest_straight_4,
          infiniplex_forest_clump_medium, infiniplex_forest_zigzag_2,
          infiniplex_forest_straight_1, infiniplex_forest_lined_1
D:2:      layout_rooms, uniq_sigmund, uniq_crazy_yiuf_cottage
D:3:      layout_basic, nicolae_qazlal_style_of_elements, minmay_crystal_room
D:4:      layout_layer_cave, nicolae_ru_awakened_eye, nicolae_the_louvre,
          uniq_blork_the_orc, uniq_natasha
D:5:      kennysheep_spiral_hall, layout_cave_pools, tso_altar,
          nicolae_overflow_two_pavilions, serial_shops,
          nicolae_shop_tiny_statue_garden, shop, nicolae_shop_waterfront,
          nicolae_stop_n_shop_1, shop, uniq_ijyb, uniq_eustachio
D:6:      layout_gridville, nicolae_gozag_zags_fifth_avenue, serial_shops, shop,
          nicolae_take_the_stairs, uniq_duvessa
D:7:      layout_rooms, temple_fountains, serial_corexii_hall,
          chequers_hall_statues_y, corexii_hall_statues_t,
          serial_bayou_lagoon_a, nicolae_zig_zag_zippers, uniq_prince_ribbit1
D:8:      wad_cavern_with_rooms, layout_basic,
          mainiacjoe_overflow_cross_hatched, serial_corexii_hall,
          chequers_hall_statues_y, corexii_hall_statues_s,
          corexii_hall_statues_deadend, corexii_hall_statues_deadend,
          kennysheep_generic_room_7, uniq_pikel
D:9:      layout_loops_ring, vehumet_crystals, lair_entry_dummy,
          hangedman_decor_peaks_small, uniq_maurice, uniq_erolcha,
          uniq_jeremiah, uniq_grum
D:10:     layout_roguey, old_standard_altar, minmay_circle_x, uniq_sonja
D:11:     layout_roguey
D:12:     hangedman_what_comes_after_a, layout_basic, orc_0_dummy, uniq_urug
D:13:     layout_basic, hellmonk_vaults_attempted_burglary
D:14:     layout_cave_pools, gauntlet_entry_generic,
          nicolae_inconvenience_store, nicolae_uskayaw_dance_hall
D:15:     grunt_enter_depths_magical_seal, layout_basic, nicolae_wwwww,
          hangedman_decor_lopped, hellmonk_guarded_unrand_salamander
Lair:1:   layout_loops_ring
Lair:2:   layout_loops_ring, lemuel_fruit_tree
Lair:3:   mu_elephants_graveyard, layout_regular_city, palyth_hydra_swamp_entry,
          spider_nest_entry_webs, serial_bayou_shore_b, uniq_fannar
Lair:4:   layout_gridlike, nicolae_slime_entry_slimehenge,
          nicolae_lair_yak_garden, infiniplex_staircase_pool
Lair:5:   minmay_lair_end_enchanted_forest, layout_cellular_growth, uniq_nessos
Swamp:1:  layout_falls_marsh, nicolae_swamp_well_well_well, swamp_pool_1_2
Swamp:2:  layout_falls_marsh, evilmike_swamp_ruin_rubble_2, uniq_jorgrun
Swamp:3:  layout_falls_marsh, portal_ice_cave_entry_ice_statue_two,
          hangedman_swamp_ruin_wall, uniq_aizul, uniq_roxanne
Swamp:4:  swamp_old_school, layout_basic_swamp
Spider:1: nicolae_spider_broodchamber, hellmonk_narrow_tunnel
Spider:2: layout_spider_delve, hive_lemuel
Spider:3: layout_chambers, gammafunk_ghost_split, nicolae_spider_swamp_cousins,
          uniq_mlioglotl
Spider:4: grunt_spider_rune_parallel, nicolae_spider_checkerboard
Slime:1:  layout_caves
Slime:2:  layout_caves
Slime:3:  layout_caves
Slime:4:  layout_caves
Slime:5:  slime_pit_nicolae_amoeboid
Orc:1:    layout_caves, serial_shops, shop
Orc:2:    st_orc_ogre_mass, layout_diamond_mine
Elf:1:    minmay_elf_arrival_circle, layout_geoelf_grid, serial_shops, shop,
          minmay_elf_crystal_heptagon, minmay_shoptagon
Elf:2:    nicolae_elf_blades_splatter_lattice
          [nicolae_blade_entry_crossed_weapons], layout_geoelf_octagon,
          serial_shops, bzr_entry_road, portal_desolation_entry_nicolae_nacl,
          uniq_donald, uniq_louise, uniq_norris
Elf:3:    minmay_elf_hall_circle, layout_geoelf_castle, serial_shops,
          nicolae_shop_tiny_statue_garden, uniq_zenata
Vaults:1: nicolae_vaults_six-pack, v_pattern_4, vaults_mumra_bighexcomb,
          ontoclasm_vaults_chip, v_alt_pattern_1, vaults_room_hallway,
          nicolae_vaults_lightning_bolt, v_misc_27, ontoclasm_vaults_twist,
          vaults_mumra_chevron, layout_vaults_omnigrid, serial_shops,
          nicolae_shop_behind_doors
Vaults:2: gammafunk_ghost_smash, nicolae_vaults_house_2, nicolae_vaults_prndl,
          v_alt_pattern_1, v_misc_14, lemuel_ogre_cave, grunt_vaults_trifunnel,
          grunt_vaults_hallway_short, hangedman_vaults_hat,
          nicolae_vaults_storage_room_doors, vaults_standard_mumra_x, v_misc_2,
          nicolae_vaults_border_crossing, nicolae_vaults_closet_pinwheel_3,
          layout_vaults_omnibox
Vaults:3: minmay_crypt_entry_necro_gods, ontoclasm_vaults_loading_screen,
          v_pattern_5, v_misc_17, nicolae_vaults_weapon_check,
          nicolae_vaults_offset_grid_hallway_3, v_misc_14,
          hangedman_vaults_river_flow, nicolae_vaults_trapezoid_2, v_rooms_4,
          hangedman_vaults_snaps, hangedman_vaults_nails,
          nicolae_vaults_trapezoid_layered, layout_vaults_big_room
Vaults:4: ontoclasm_vaults_ligature, v_misc_24, v_misc_32,
          vaults_dpeg_encased_lava, vaults_room_pool, v_rooms_5,
          hangedman_vaults_pinch, vaults_room_boxed, v_pattern_1, v_misc_18,
          ontoclasm_vaults_gallery, v_misc_19, layout_vaults_ring, serial_shops,
          shop
Vaults:5
Crypt:1:  layout_gridlike, special_room [special_room_morgue],
          beargit_elvish_explorers
Crypt:2:  layout_misc_corridors, st_stairs_2
Crypt:3:  due_elkab, layout_chaotic_city, basic_altar
Tomb:1
Tomb:2
Depths:1: layout_basic, minmay_misc_feat_iff, grunt_mini_vestibule,
          infiniplex_enter_wizlab_glasses, enter_trove_1,
          minmay_strange_pillars, hangedman_glass_teeth,
          nicolae_yredelemnul_corpse_copse
Depths:2: minmay_bad_star, layout_gridlike, minmay_misc_feat_x, hell_entry,
          pan_entry
Depths:3: hangedman_crystal_crosses_colossus [crystal_crosses_arms_four,
          crystal_crosses_arms_two, crystal_crosses_arms_one], pan_entry,
          hell_entry, abyss_entry
Depths:4: grunt_zot_entry_alcove, layout_gridlike, rand_demon_pan_entry_1,
          abyss_entry, hell_entry, serial_curves, eino_curves_03,
          eino_curves_02, eino_curves_04, eino_curves_03, serial_shops,
          nicolae_shop_just_a_little_nook, minmay_shop_star, uniq_xtahua
Hell
Dis:1:    layout_subdivisions
Dis:2:    layout_gridville
Dis:3:    grunt_dis_stairs_iron_hall
Geh:1:    layout_gehenna_pools_box, lemuel_hellish_altar
Geh:2:    layout_gehenna_pools_triple, minmay_fire_ice_demons
Geh:3:    layout_gehenna_lava_caves, nicolae_geh_lavax
Geh:4:    layout_gehenna_pools_triple, tekkud_geh_sculpture_garden
Geh:5:    layout_gehenna_pools_basic
Geh:6:    layout_gehenna_pools_box, nicolae_geh_lava_lounge
Geh:7:    geh_grunt_pentagon
Tar:1:    layout_grid_maze
Tar:2:    layout_cathedral_of_symmetry
Tar:3:    layout_honeycomb
Tar:4:    layout_grid_maze
Tar:5:    layout_honeycomb, nicolae_tar_combbox
Zot:1:    grunt_zot_stairs_faceoff, layout_basic, nicolae_transporter_circle
Zot:2:    layout_concentric_octagons, regret_index_zotdec_wing_it
Zot:3:    layout_onion, ebering_ghost_xom, grunt_ministairs_7,
          regret_index_zotdec_under_construction
Zot:4:    layout_misc_corridors, st_stairs_11, nicolae_zot_crop_circle
Zot:5:    layout_cathedral_of_symmetry

Skill      XL: |  1  2  3  4  5  6  7  8  9 10 11 12 13 14 15 16 17 18 19 20 21 22 23 24 25 26 27 |
---------------+----------------------------------------------------------------------------------+-----
Fighting       | 1 2 3 4 5 7 9 10 11 13 14 15 16 17 18 19 20 21 22 27 | 27.0
Stealth        | 2 3 4 5 6 |  6.0
Dodging        | 3 4 6 7 8 9 10 11 12 13 14 15 16 17 18 19 | 19.2
Spellcasting   | 4 5 6 7 8 9 10 11 12 13 14 15 16 17 27 | 27.0
Conjurations   | 4 5 6 7 8 9 10 11 12 13 14 15 16 17 27 | 27.0
Hexes          | 4 5 6 7 8 9 10 11 12 13 14 15 16 17 27 | 27.0
Summonings     | 4 5 6 7 8 9 10 11 12 13 14 15 16 17 27 | 27.0
Necromancy     | 4 5 6 7 8 9 10 11 12 13 14 15 16 17 27 | 27.0
Translocations | 4 5 6 7 8 9 10 11 12 13 14 15 16 17 27 | 27.0
Fire Magic     | 4 5 6 7 8 9 10 11 12 13 14 15 16 17 27 | 27.0
Ice Magic      | 4 5 6 7 8 9 10 11 12 13 14 15 16 17 27 | 27.0
Air Magic      | 4 5 6 7 8 9 10 11 12 13 14 15 16 17 27 | 27.0
Earth Magic    | 4 5 6 7 8 9 10 11 12 13 14 15 16 17 27 | 27.0
Alchemy        | 4 5 6 7 8 9 10 11 12 13 14 15 16 17 27 | 27.0
Armour         | 3 4 6 7 9 10 11 12 13 14 15 21 | 21.1
Invocations    | 3 4 6 7 9 10 11 12 13 14 15 16 | 16.4
Axes           | 2 5 7 8 9 10 11 12 13 14 15 | 15.2
Shields        | 2 4 6 7 8 9 10 11 12 13 26 | 26.2
Staves         | 1 2 |  2.7
Evocations     | 20 | 20.6
Ranged Weapons | 1 |  1.5
Throwing       | 1 |  1.5

Action                     |  1- 3 |  4- 6 |  7- 9 | 10-12 | 13-15 | 16-18 | 19-21 | 22-24 | 25-27 || total
---------------------------+-------+-------+-------+-------+-------+-------+-------+-------+-------++-------
  Melee: Hand axe          |       |    14 |    11 |       |     2 |    40 |     3 |    18 |    72 ||   160
         Staff             |       |       |    15 |    18 |    11 |       |       |       |       ||    44
   Cast: Magic Dart        |    77 |    28 |       |     5 |       |       |     1 |       |       ||   111
         Searing Ray       |     3 |     1 |     3 |     1 |       |       |       |       |       ||     8
         Fulminant Prism   |       |     5 |    11 |    35 |    21 |     6 |       |       |    25 ||   103
         Foxfire           |       |    26 |   224 |   187 |   441 |   220 |   134 |    66 |   141 ||  1439
         Mercury Vapours   |       |     2 |     1 |     5 |     3 |       |       |       |       ||    11
         Iskenderun's Myst |       |     1 |    15 |   115 |   299 |   139 |   112 |   214 |   831 ||  1726
         Petrify           |       |       |       |     1 |     2 |       |       |       |     2 ||     5
         Curse of Agony    |       |       |       |       |     1 |       |       |       |       ||     1
         Permafrost Erupti |       |       |       |       |    55 |   370 |   464 |   523 |  1573 ||  2985
         Bombard           |       |       |       |       |       |    29 |     8 |     2 |    40 ||    79
         Conjure Ball Ligh |       |       |       |       |       |       |    11 |    12 |    38 ||    61
         Lehudib's Crystal |       |       |       |       |       |       |     1 |       |    49 ||    50
         Discord           |       |       |       |       |       |       |       |     2 |   322 ||   324
         Shatter           |       |       |       |       |       |       |       |       |    55 ||    55
         Fire Storm        |       |       |       |       |       |       |       |       |    30 ||    30
 Invoke: Elemental Force   |       |       |       |       |     2 |       |       |       |    23 ||    25
         Disaster Area     |       |       |       |       |       |       |       |     1 |       ||     1
         Upheaval          |       |       |       |       |       |       |       |       |     1 ||     1
  Evoke: Wand              |       |       |       |       |       |     1 |       |       |       ||     1
         Gell's gravitambo |       |       |       |       |       |       |       |     1 |     7 ||     8
         Horn of Geryon    |       |       |       |       |       |       |       |       |     2 ||     2
    Use: Scroll            |       |       |     6 |     7 |    15 |    10 |     1 |     9 |    42 ||    90
         Potion            |       |       |       |       |       |     6 |     1 |     5 |    85 ||    97
   Stab: Paralysed         |       |       |       |       |       |       |       |       |     2 ||     2
 Armour: Robe              |     1 |    13 |    34 |    27 |    49 |       |       |       |       ||   124
         Troll leather arm |       |       |       |       |    23 |    50 |    64 |    83 |   242 ||   462
         Scale mail        |       |       |       |       |       |       |       |       |    78 ||    78
  Dodge: Dodged            |     2 |    12 |    40 |    17 |    61 |    27 |    33 |    22 |   164 ||   378
         Repelled          |       |       |       |     1 |    10 |     9 |    17 |    12 |    96 ||   145
  Block: Other             |       |       |     2 |     4 |    28 |       |       |       |       ||    34
         Kite shield       |       |       |       |       |    28 |    99 |   123 |       |       ||   250
         Reflection        |       |       |       |       |    10 |     8 |    21 |    47 |    71 ||   157
         Tower shield      |       |       |       |       |       |       |       |   126 |   775 ||   901

Table legend: (Time is in decaauts)
 A = Elapsed time spent in this place.
 B = Non-inter-level travel time spent in this place.
 C = Inter-level travel time spent in this place.
 D = Time resting spent in this place.
 E = Time spent auto-exploring this place.
 F = Levels seen in this place.
 G = Mean time per level.
                   A        B        C        D        E       F      G
               +--------+--------+--------+--------+--------+-----+--------+
         Total |  88817 |  81863 |   6954 |  12420 |  49767 | 107 |  830.1 |
       Dungeon |  15770 |  14125 |   1645 |   1754 |  10150 |  15 | 1051.3 |
          Lair |   9611 |   8992 |    619 |   1424 |   6183 |   5 | 1922.2 |
         Swamp |   2607 |   2451 |    156 |     55 |   1862 |   4 |  651.8 |
   Spider Nest |   4964 |   4730 |    234 |    220 |   3702 |   4 | 1241.0 |
    Slime Pits |   3837 |   3676 |    161 |    926 |   1765 |   5 |  767.4 |
  Orcish Mines |   1278 |   1120 |    158 |     32 |    793 |   2 |  639.0 |
   Elven Halls |   3937 |   3590 |    347 |    405 |   2358 |   3 | 1312.3 |
        Vaults |   8236 |   7147 |   1089 |    486 |   5357 |   5 | 1647.2 |
         Crypt |   4139 |   3688 |    451 |    348 |   2527 |   3 | 1379.7 |
          Tomb |   3222 |   3095 |    127 |   1034 |    934 |   2 | 1611.0 |
        Depths |   6513 |   5443 |   1070 |    909 |   3331 |   4 | 1628.2 |
          Hell |   2172 |   2034 |    138 |   1271 |    403 |   1 | 2172.0 |
           Dis |   1206 |   1189 |     17 |    544 |    337 |   3 |  402.0 |
       Gehenna |   4035 |   3658 |    377 |    653 |   2148 |   7 |  576.4 |
      Tartarus |   2200 |   2129 |     71 |    495 |    859 |   5 |  440.0 |
           Zot |   5620 |   5333 |    287 |    431 |   3584 |   5 | 1124.0 |
         Abyss |   1626 |   1626 |      0 |    311 |    575 |   7 |  232.3 |
      Ziggurat |   3790 |   3790 |      0 |    803 |   1111 |  21 |  180.5 |
        Bazaar |     76 |     76 |      0 |      0 |     69 |   1 |   76.0 |
         Trove |    184 |    184 |      0 |      0 |      0 |   1 |  184.0 |
      Ice Cave |   1180 |   1180 |      0 |    199 |    471 |   1 | 1180.0 |
        Wizlab |    595 |    595 |      0 |      4 |    317 |   1 |  595.0 |
    Desolation |   1488 |   1488 |      0 |    104 |    899 |   1 | 1488.0 |
      Gauntlet |    520 |    520 |      0 |     11 |     31 |   1 |  520.0 |
               +--------+--------+--------+--------+--------+-----+--------+

Top non-repeatable levels by time:
  Tomb:1: 3209 daAuts
  Lair:3: 2716 daAuts
    Hell: 2172 daAuts
  Lair:5: 2135 daAuts
     D:9: 2128 daAuts
Depths:3: 2079 daAuts
  Lair:2: 2020 daAuts
 Crypt:3: 1893 daAuts
Vaults:4: 1832 daAuts
Vaults:1: 1743 daAuts
Depths:4: 1632 daAuts
   Elf:3: 1598 daAuts
Vaults:2: 1580 daAuts
Depths:1: 1576 daAuts
Spider:3: 1572 daAuts
